Workbook

Sheet PLANILHA
A1: PLANILHA ORÇAMENTÁRIA | I1: DATA: 15/02/2024
A2: CLIENTE: | C2: PREFEITURA MUNICIPAL DE SANTA LUZIA | G2: (X) ONERADO ( ) DESONERADO | I2: BASES ORÇAMENTÁRIAS:
A3: PROPONENTE: | C3: RESTAURARE CONSTRUTORA LTDA
A4: OBRA: | C4: REFORMA DO SOLAR TEIXEIRA DA COSTA (MUSEU AURÉLIO DOLABELLA) | G4: BDI: | H4: 0.2247 | I4: ABRIL/2023 - SETOP (CENTRAL); JUNHO/2023 - SINAPI; ABRIL/2023 - SUDECAP; JULHO/2023 - SBC; MAIO/2023 - ORSE.
A5: ENDEREÇO: | C5: RUA DIREITA, 785, CENTRO. SANTA LUZIA/MG - CEP: 33010000 | G5: PRAZO OBRA: | H5: 18 MESES
A6: ITEM | B6: BASE DE REFERÊNCIA | C6: CÓDIGO | D6: DESCRIÇÃO | E6: UND | F6: QUANT. | G6: PREÇO UNITÁRIO | H6: TOTAL S/ BDI | I6: UNITÁRIO C/ BDI | J6: TOTAL C/ BDI
A7: 1 | D7: ADMINISTRATIVO | J7: =J8 -> 1114130.6
A8: 1.1 | B8: COMPOSIÇÃO | C8: CPU-001 | D8: ADMINISTRAÇÃO LOCAL | E8: UND | F8: 1 | G8: =CPUS!G9 -> 909717.12 | H8: =TRUNC(F8*G8,2) -> 909717.12 | I8: =TRUNC(G8*(1+$H$4),2) -> 1114130.6 | J8: =TRUNC(I8*F8,2) -> 1114130.6
A9: 2 | D9: IMPLANTAÇÃO | J9: =SUM(J10:J19) -> 91913.37
A10: 2.1 | B10: SETOP | C10: ED-50146 | D10: BARRACÃO DE OBRA PARA ESCRITÓRIO DA FISCALIZAÇÃO TIPO-I, ÁREA INTERNA 18,15M2, EM CHAPA DE COMPENSADO RESINADO, INCLUSIVE MOBILIÁRIO (OBRA DE PEQUENO A MÉDIO PORTE, EFETIVO ATÉ 60 HOMENS) - PADRÃO DER-MG | E10: UN | F10: 2 | G10: 4629.8 | H10: =TRUNC(F10*G10,2) -> 9259.6 | I10: =TRUNC(G10*(1+$H$4),2) -> 5670.11 | J10: =TRUNC(I10*F10,2) -> 11340.22
A11: 2.2 | B11: SETOP | C11: ED-50128 | D11: BARRACÃO DE OBRA PARA DEPÓSITO E FERRAMENTARIA TIPO-I, ÁREA INTERNA 14,52M2, EM CHAPA DE COMPENSADO RESINADO, INCLUSIVE MOBILIÁRIO (OBRA DE PEQUENO PORTE, EFETIVO ATÉ 30 HOMENS) - PADRÃO DER-MG | E11: UN | F11: 1 | G11: 3557.67 | H11: =TRUNC(F11*G11,2) -> 3557.67 | I11: =TRUNC(G11*(1+$H$4),2) -> 4357.07 | J11: =TRUNC(I11*F11,2) -> 4357.07
A12: 2.3 | B12: SETOP | C12: ED-50130 | D12: BARRACÃO DE OBRA PARA INSTALAÇÃO SANITÁRIA TIPO-I, ÁREA INTERNA 14,52M2, EM CHAPA DE COMPENSADO RESINADO (OBRA DE PEQUENO PORTE, EFETIVO ATÉ 30 HOMENS) - PADRÃO DER-MG | E12: UN | F12: 1 | G12: 3965.68 | H12: =TRUNC(F12*G12,2) -> 3965.68 | I12: =TRUNC(G12*(1+$H$4),2) -> 4856.76 | J12: =TRUNC(I12*F12,2) -> 4856.76
A13: 2.4 | B13: SETOP | C13: ED-50133 | D13: BARRACÃO DE OBRA PARA REFEITÓRIO TIPO-I, ÁREA INTERNA 18,15M2, EM CHAPA DE COMPENSADO RESINADO (OBRA DE MÉDIO PORTE, EFETIVO DE 30 A 60 HOMENS) - PADRÃO DER-MG | E13: UN | F13: 1 | G13: 4455.45 | H13: =TRUNC(F13*G13,2) -> 4455.45 | I13: =TRUNC(G13*(1+$H$4),2) -> 5456.58 | J13: =TRUNC(I13*F13,2) -> 5456.58
A14: 2.5 | B14: SINAPI | C14: 101907 | D14: EXTINTOR DE INCÊNDIO PORTÁTIL COM CARGA DE CO2 DE 6 KG, CLASSE BC - FORNECIMENTEO E INSTALAÇÃO. AF_10/2020_PE | E14: UN | F14: 6 | G14: 450 | H14: =TRUNC(F14*G14,2) -> 2700 | I14: =TRUNC(G14*(1+$H$4),2) -> 551.11 | J14: =TRUNC(I14*F14,2) -> 3306.66
A15: 2.6 | B15: SINAPI | C15: 101905 | D15: EXTINTOR DE INCÊNDIO PORTÁTIL COM CARGA DE ÁGUA PRESSIRIZADA DE 10L, CLASSE A - FORNECIMENTEO E INSTALAÇÃO. AF_10/2020_PE | E15: UN | F15: 6 | G15: 145 | H15: =TRUNC(F15*G15,2) -> 870 | I15: =TRUNC(G15*(1+$H$4),2) -> 177.58 | J15: =TRUNC(I15*F15,2) -> 1065.48
A16: 2.7 | B16: SETOP | C16: ED-28427 | D16: FORNECIMENTO E COLOCAÇÃO DE PLACA DE OBRA EM CHAPA GALVANIZADA #26, ESP. 0,45MM, DIMENSÃO (3X1,5)M, PLOTADA COM ADESIVO VINÍLICO, AFIXADA COM REBITES 4,8X40MM, EM ESTRUTURA METÁLICA DE METALON 20X20MM, ESP.1,25MM, INCLUSIVE SUPORTE EM EUCALIPTO AUTOCLAVADO PINTADO COM TINTA PVA DUAS (2)DEMAÕS | E16: UN | F16: 1 | G16: 1400 | H16: =TRUNC(F16*G16,2) -> 1400 | I16: =TRUNC(G16*(1+$H$4),2) -> 1714.58 | J16: =TRUNC(I16*F16,2) -> 1714.58
A17: 2.8 | B17: SETOP | C17: ED-48536 | D17: DIVISÓRIA EM PAINEL REMOVÍVEL, NÚCLEO COMPENSADO NAVAL - P. AÇO TIPO C | E17: M2 | F17: 177.1 | G17: 85.8 | H17: =TRUNC(F17*G17,2) -> 15195.18 | I17: =TRUNC(G17*(1+$H$4),2) -> 105.07 | J17: =TRUNC(I17*F17,2) -> 18607.89
A18: 2.9 | B18: SETOP | C18: ED-29823 | D18: TAPUME FIXO DE PROTEÇÃO PARA FECHAMENTO DE OBRA EM TELHA METÁLICA GALVANIZADA, TIPO TRAPEZOIDAL, ESP. 0,5MM, COM MÓDULO NA DIMENSÃO DE (300X220)CM, COM REAPROVEITAMENTO, EXCLUSIVE PINTURA ESMALTE, INCLUSIVE PONTALETE E FIXAÇÃO | E18: M2 | F18: 202.4 | G18: 35 | H18: =TRUNC(F18*G18,2) -> 7084 | I18: =TRUNC(G18*(1+$H$4),2) -> 42.86 | J18: =TRUNC(I18*F18,2) -> 8674.86
A19: 2.10 | B19: COMPOSIÇÃO | C19: CPU-725 | D19: PLOTAGEM DE ADESIVO VINIL EM TAPUME - FORNECIMENTO E INSTALAÇÃO | E19: M2 | F19: 177.1 | G19: =CPUS!G14 -> 150 | H19: =TRUNC(F19*G19,2) -> 26565 | I19: =TRUNC(G19*(1+$H$4),2) -> 183.7 | J19: =TRUNC(I19*F19,2) -> 32533.27
A20: 3 | D20: REMOÇÕES | J20: =SUM(J21:J30) -> 118230.52
A21: 3.1 | B21: SETOP | C21: ED-48479 | D21: DEMOLIÇÃO MANUAL DE PISO CIMENTADO OU CONTRAPISO DE ARGAMASSA, COM ESPESSURA MÁXIMA DE 10CM, INCLUSIVE AFASTAMENTO E EMPILHAMENTO, EXCLUSIVE TRANSPORTE E RETIRADA DO MATERIAL DEMOLIDO | E21: M2 | F21: 97.24 | G21: 12 | H21: =TRUNC(F21*G21,2) -> 1166.88 | I21: =TRUNC(G21*(1+$H$4),2) -> 14.69 | J21: =TRUNC(I21*F21,2) -> 1428.45
A22: 3.2 | B22: COMPOSIÇÃO | C22: CPU-636 | D22: DEMOLIÇÃO CUIDADOSA DE REVESTIMENTO SOBRE PAREDE DE ADOBE, PAU-A-PIQUE E TIJOLO DE BARRO COZIDO | E22: M3 | F22: 65.11 | G22: =CPUS!G20 -> 18.33 | H22: =TRUNC(F22*G22,2) -> 1193.46 | I22: =TRUNC(G22*(1+$H$4),2) -> 22.44 | J22: =TRUNC(I22*F22,2) -> 1461.06
A23: 3.3 | B23: COMPOSIÇÃO | C23: CPU-646 | D23: REMOÇÃO. LAVAGEM, ARMAZENAMENTO E RECOLOCAÇÃO DE PISO EM PEDRA - ASSENTAMENTO RECUPERANDO O MOSAICO | E23: M2 | F23: 148 | G23: =CPUS!G33 -> 332.66 | H23: =TRUNC(F23*G23,2) -> 49233.68 | I23: =TRUNC(G23*(1+$H$4),2) -> 407.4 | J23: =TRUNC(I23*F23,2) -> 60295.2
A24: 3.4 | B24: SETOP | C24: ED-48436 | D24: DEMOLIÇÃO MANUAL DE ALVENARIA DE TIJOLO CERÂMICO MECIÇO, INCLUSIVE AFASTAMENTO E EMPILHAMENTO, EXCLUSIVE TRANSPORTE E RETIRADA DO MATERIAL DEMOLIDO | E24: M3 | F24: 10.8 | G24: 150 | H24: =TRUNC(F24*G24,2) -> 1620 | I24: =TRUNC(G24*(1+$H$4),2) -> 183.7 | J24: =TRUNC(I24*F24,2) -> 1983.96
A25: 3.5 | B25: SINAPI | C25: 97633 | D25: DEMOLIÇÃO DE REVESTIMENTO CERÂMICO, DE FORMA MANUAL, SEM REAPROVEITAMENTO. AF_12/2007 | E25: M2 | F25: 26.82 | G25: 21.5 | H25: =TRUNC(F25*G25,2) -> 576.63 | I25: =TRUNC(G25*(1+$H$4),2) -> 26.33 | J25: =TRUNC(I25*F25,2) -> 706.17
A26: 3.6 | B26: COMPOSIÇÃO | C26: CPU-658 | D26: DESMONTAGEM DE MURO EM PEDRA LAGARTIXA - REAPROVEITAMENTO MEDIANTE REMOÇÃO, LIMPEZA, ACONDICIONAMENTO E RECUPERAÇÃO POSTERIOR DO MOSAICO | E26: M2 | F26: 27.3 | G26: =CPUS!G46 -> 302.01 | H26: =TRUNC(F26*G26,2) -> 8244.87 | I26: =TRUNC(G26*(1+$H$4),2) -> 369.87 | J26: =TRUNC(I26*F26,2) -> 10097.45
A27: 3.7 | B27: COMPOSIÇÃO | C27: CPU-638 | D27: DESMONTAGEM E RETIRADA DE PEÇAS DE MADEIRA PARA RESTAURO, ETIQUETAGEM, MAPEAMENTO DA POSIÇÃO E GUARDA SEGURA BEM ACONDICIONADAS (INCLUSO CADASTRO FOTOGRÁFICO DIGITAL) | E27: UND | F27: 150 | G27: =CPUS!G58 -> 138.12 | H27: =TRUNC(F27*G27,2) -> 20718 | I27: =TRUNC(G27*(1+$H$4),2) -> 169.15 | J27: =TRUNC(I27*F27,2) -> 25372.5
A28: 3.8 | B28: COMPOSIÇÃO | C28: CPU-728 | D28: DESMONTE DE PISO EM PEDRA DA ESCADA DA FACHADA FRONTAL - LIMPEZA, ACONDICIONAMENTO, RECUPERAÇÃO E POSTERIOR REMONTAGEM DO MOSAICO | E28: M2 | F28: 10.7 | G28: =CPUS!G71 -> 596.5 | H28: =TRUNC(F28*G28,2) -> 6382.55 | I28: =TRUNC(G28*(1+$H$4),2) -> 730.53 | J28: =TRUNC(I28*F28,2) -> 7816.67
A29: 3.9 | B29: SETOP | C29: ED-51133 | D29: TRANSPORTE DE MATERIAL DE QUALQUER NATUREZA COM CARRINHO DE MÃO, COM DISTÂNCIAS MENORES OU IGUAIS A 50M, INCLUSIVE CARGA/DESCARGA | E29: M3 | F29: 86.44 | G29: 23.3 | H29: =TRUNC(F29*G29,2) -> 2014.05 | I29: =TRUNC(G29*(1+$H$4),2) -> 28.53 | J29: =TRUNC(I29*F29,2) -> 2466.13
A30: 3.10 | B30: SETOP | C30: ED-51125 | D30: TRANSPORTE DE MATERIAL DEMOLIDO EM CAÇAMBA, EXCLUSIVE CARGA MANUAL OU MECÂNICA | E30: M3 | F30: 108.05 | G30: 49.9 | H30: =TRUNC(F30*G30,2) -> 5391.69 | I30: =TRUNC(G30*(1+$H$4),2) -> 61.11 | J30: =TRUNC(I30*F30,2) -> 6602.93
A31: 4 | D31: MOVIMENTAÇÃO DE TERRA | J31: =SUM(J32:J33) -> 9509.77
A32: 4.1 | B32: SUDECAP | C32: 40.32.05 | D32: ESCAVAÇÃO MANUAL H<=1,5M | E32: M3 | F32: 149.04 | G32: 45 | H32: =TRUNC(F32*G32,2) -> 6706.8 | I32: =TRUNC(G32*(1+$H$4),2) -> 55.11 | J32: =TRUNC(I32*F32,2) -> 8213.59
A33: 4.2 | B33: SUDECAP | C33: 03.15.03 | D33: ATERRO COMPACTADO MANUALMENTE, COM SOQUETE | E33: M3 | F33: 23.52 | G33: 45 | H33: =TRUNC(F33*G33,2) -> 1058.4 | I33: =TRUNC(G33*(1+$H$4),2) -> 55.11 | J33: =TRUNC(I33*F33,2) -> 1296.18
A34: 5 | D34: INFRAESTRUTURA E FUNDAÇÃO | J34: =SUM(J35:J38) -> 56515.15
A35: 5.1 | B35: SETOP | C35: ED-48311 | D35: CONCRETO MAGRO, TRAÇO 1:3:6, PREPARADO EM OBRA COM BETONEIRA, SEM FUNÇÃO ESTRUTURAL | E35: M3 | F35: 9.27 | G35: 386.7 | H35: =TRUNC(F35*G35,2) -> 3584.7 | I35: =TRUNC(G35*(1+$H$4),2) -> 473.59 | J35: =TRUNC(I35*F35,2) -> 4390.17
A36: 5.2 | B36: SUDECAP | C36: 04.13.14 | D36: FORMA DE COMPENSADO RESINADO ESPESSURA MÍNIMA >= 12MM | E36: M2 | F36: 62 | G36: 88.7 | H36: =TRUNC(F36*G36,2) -> 5499.4 | I36: =TRUNC(G36*(1+$H$4),2) -> 108.63 | J36: =TRUNC(I36*F36,2) -> 6735.06
A37: 5.3 | B37: SETOP | C37: ED-48295 | D37: CORTE, DOBRA E MONTAGEM DE AÇO CA-50, DIÂMETRO (6,3MM A 12,5MM), INCLUSIVE ESPAÇADOR | E37: KG | F37: 1780 | G37: 13.43 | H37: =TRUNC(F37*G37,2) -> 23905.4 | I37: =TRUNC(G37*(1+$H$4),2) -> 16.44 | J37: =TRUNC(I37*F37,2) -> 29263.2
A38: 5.4 | B38: SUDECAP | C38: 04.27.25 | D38: CONCRETO FCK>=25 MPA, BRITA CALCÁRIA, USINADO BOMBEÁVEL, LANÇADO EM FUNDAÇÃO | E38: M3 | F38: 16 | G38: 823 | H38: =TRUNC(F38*G38,2) -> 13168 | I38: =TRUNC(G38*(1+$H$4),2) -> 1007.92 | J38: =TRUNC(I38*F38,2) -> 16126.72
A39: 6 | D39: PAREDES, PAINEIS, FECHAMENTOS E REVESTIMENTO | J39: =SUM(J40:J56) -> 423648.33
A40: 6.1 | B40: SETOP | C40: ED-48210 | D40: PAREDE EM CHAPA DE GESSO ACARTONADO (DRYWALL), DIVISÃO ENTRE ÁREAS SECA E ÚMIDA DE UMA MESMAUNIDADE (ST/RU), ESP. 115 MM, INCLUSIVE MONTANTES, GUIAS E ACESSÓRIOS, EXCLUSIVE ISOLANTE TÉRMICO/ACÚSTICO | E40: M2 | F40: 57.35 | G40: 105.3 | H40: =TRUNC(F40*G40,2) -> 6038.95 | I40: =TRUNC(G40*(1+$H$4),2) -> 128.96 | J40: =TRUNC(I40*F40,2) -> 7395.85
A41: 6.2 | B41: COMPOSIÇÃO | C41: CPU-643 | D41: DEMOLIÇÃO DO MURO EM PEDRA LAGARTIXA E ACONDICIONAMENTO DAS PEÇAS PARA APROVEITAMENTO | E41: M2 | F41: 10.8 | G41: =CPUS!G80 -> 159.99 | H41: =TRUNC(F41*G41,2) -> 1727.89 | I41: =TRUNC(G41*(1+$H$4),2) -> 195.93 | J41: =TRUNC(I41*F41,2) -> 2116.04
A42: 6.3 | B42: COMPOSIÇÃO | C42: CPU-647 | D42: EXECUÇÃO DE MURETA H=60 CM DE PEDREGULHO COM EMBRECHAMENTO E EXECUÇÃO DE CAIXA PARA FUNDAÇÃO PARA INSTALAÇÃO DE DORMENTES (MURO DE DIVISA PRAÇA) | E42: M | F42: 8.33 | G42: =CPUS!G92 -> 446.3 | H42: =TRUNC(F42*G42,2) -> 3717.67 | I42: =TRUNC(G42*(1+$H$4),2) -> 546.58 | J42: =TRUNC(I42*F42,2) -> 4553.01
A43: 6.4 | B43: COMPOSIÇÃO | C43: CPU-644 | D43: PAREDE DE PAU-A-PIQUE FABRICADA, INCLUSO TRAMA | E43: M2 | F43: 60.56 | G43: =CPUS!G101 -> 484.5 | H43: =TRUNC(F43*G43,2) -> 29341.32 | I43: =TRUNC(G43*(1+$H$4),2) -> 593.36 | J43: =TRUNC(I43*F43,2) -> 35933.88
A44: 6.5 | B44: COMPOSIÇÃO | C44: CPU-645 | D44: PAREDE DE ADOBE FABRICADO COM ARGILA E ESTRUMEDE GADO | E44: M2 | F44: 53.72 | G44: =CPUS!G109 -> 401.3 | H44: =TRUNC(F44*G44,2) -> 21557.83 | I44: =TRUNC(G44*(1+$H$4),2) -> 491.47 | J44: =TRUNC(I44*F44,2) -> 26401.76
A45: 6.6 | B45: SETOP | C45: ED-50761 | D45: REBOCO COM ARGAMASSA TRAÇO 1:2:8 (CIMENTO. CAL E AREIA), ESP. 20MM, APLICAÇÃO MANUAL, INCLUSIVE ARGAMASSA COM PREPARO MECANIZADO, EXCLUSIVE CHAPISCO | E45: M2 | F45: 3962.26 | G45: 25.88 | H45: =TRUNC(F45*G45,2) -> 102543.28 | I45: =TRUNC(G45*(1+$H$4),2) -> 31.69 | J45: =TRUNC(I45*F45,2) -> 125564.01
A46: 6.7 | B46: COMPOSIÇÃO | C46: CPU-469 | D46: PORCELANATO ESMALTADO BORDA RETA 60X60 CM MODELO LOFT SGR CECRISA OU EQUIVALENTE ESTAMPA CIMENTO ACETINADO | E46: M2 | F46: 293.35 | G46: =CPUS!G118 -> 170.89 | H46: =TRUNC(F46*G46,2) -> 50130.58 | I46: =TRUNC(G46*(1+$H$4),2) -> 209.28 | J46: =TRUNC(I46*F46,2) -> 61392.28
A47: 6.8 | B47: COMPOSIÇÃO | C47: CPU-653 | D47: CERÂMICA BORDA RETA ACETINADO ALLEGORIA BIANCO 30X60 PORTOBELLO OU EQUIVALENTE - FORNECIMENTO E INSTALAÇÃO | E47: M2 | F47: 39.39 | G47: =CPUS!G127 -> 81.97 | H47: =TRUNC(F47*G47,2) -> 3228.79 | I47: =TRUNC(G47*(1+$H$4),2) -> 100.38 | J47: =TRUNC(I47*F47,2) -> 3953.96
A48: 6.9 | B48: COMPOSIÇÃO | C48: CPU-654 | D48: REVESTIMENTO COM CERÂMICA PORCELANATO ESMALTADO ACETINADO BOLD GLACIAL SNOW 0,33MX0,60M BRANCO OU SIMILAR - FORNECIMENTO E INSTALAÇÃO | E48: M2 | F48: 105.19 | G48: =CPUS!G136 -> 239.62 | H48: =TRUNC(F48*G48,2) -> 25205.62 | I48: =TRUNC(G48*(1+$H$4),2) -> 293.46 | J48: =TRUNC(I48*F48,2) -> 30869.05
A49: 6.10 | B49: COMPOSIÇÃO | C49: CPU-648 | D49: TRAMA DE PAU-A-PIQUE SEM BARRO - FORNECIMENTO E INSTALAÇÃO | E49: M2 | F49: 6.56 | G49: =CPUS!G146 -> 258 | H49: =TRUNC(F49*G49,2) -> 1692.48 | I49: =TRUNC(G49*(1+$H$4),2) -> 315.97 | J49: =TRUNC(I49*F49,2) -> 2072.76
A50: 6.11 | B50: SINAPI | C50: 101726 | D50: PISO EM LADRILHO HIDRÁULICO APLICADO EM AMBIENTES INTERNOS DE ÁREA ENTRE 5 E 15 M2, INCLUSO APLICAÇÃO DE RESINA. AF_09/2020 | E50: M2 | F50: 57.9 | G50: 160 | H50: =TRUNC(F50*G50,2) -> 9264 | I50: =TRUNC(G50*(1+$H$4),2) -> 195.95 | J50: =TRUNC(I50*F50,2) -> 11345.5
A51: 6.12 | B51: COMPOSIÇÃO | C51: CPU-741 | D51: CHAPAS DE MADEIRA PARA REVESTIMENTO DE PILARES - FORNECIMENTO E INSTALAÇÃO | E51: M2 | F51: 46.56 | G51: =CPUS!G155 -> 134.28 | H51: =TRUNC(F51*G51,2) -> 6252.07 | I51: =TRUNC(G51*(1+$H$4),2) -> 164.45 | J51: =TRUNC(I51*F51,2) -> 7656.79
A52: 6.13 | B52: COMPOSIÇÃO | C52: CPU-655 | D52: PORCELANATO ESMALTADO RETIFICADO RÚSTICO LINHA CEUSA, LINHA UNIQUE, OLIVA, REF. 8165 OU AÇO OXIDADO - REF. 8660 DE 80X80 CM OU OXI REF. 8057, COM MEDIDA 61X92 OU FORMATO SIMILAR - FORNECIMENTO E INSTALAÇÃO | E52: M2 | F52: 3.54 | G52: =CPUS!G164 -> 258.89 | H52: =TRUNC(F52*G52,2) -> 916.47 | I52: =TRUNC(G52*(1+$H$4),2) -> 317.06 | J52: =TRUNC(I52*F52,2) -> 1122.39
A53: 6.14 | B53: COMPOSIÇÃO | C53: CPU-656 | D53: REVESTIMENTO DE PAREDE COM LADRILHO HIDRÁULICO ARTESANAL COM FABRICAÇÃO DA MATRIZ, APLICAÇÃO DE RESINA 20X20CM, INCLUINDO REJUNTE - FORNECIMENTO E INSTALAÇÃO | E53: M2 | F53: 31.47 | G53: =CPUS!G173 -> 151.91 | H53: =TRUNC(F53*G53,2) -> 4780.6 | I53: =TRUNC(G53*(1+$H$4),2) -> 186.04 | J53: =TRUNC(I53*F53,2) -> 5854.67
A54: 6.15 | B54: COMPOSIÇÃO | C54: CPU-657 | D54: ACABAMENTO EM MADEIRA ANGELIM PEDRA OU SIMILAR, COM FRISOS ABAULADOS DE 1,5 CM NA PARTE SUPERIOR E INFERIOR COM FAIXA 10 CM LARGURA - FORNECIMENTO E INSTALAÇÃO | E54: M2 | F54: 7.29 | G54: =CPUS!G182 -> 307.7 | H54: =TRUNC(F54*G54,2) -> 2243.13 | I54: =TRUNC(G54*(1+$H$4),2) -> 376.84 | J54: =TRUNC(I54*F54,2) -> 2747.16
A55: 6.16 | B55: COMPOSIÇÃO | C55: CPU-659 | D55: PAREDE DE PEDREGULHO COM UTILIZAÇÃO DE CONCRETO E ARMADURA 3/8" COM EMBRECHAMENTO E EXECUÇÃO DE CAIXA | E55: M3 | F55: 138.97 | G55: =CPUS!G193 -> 535.09 | H55: =TRUNC(F55*G55,2) -> 74361.45 | I55: =TRUNC(G55*(1+$H$4),2) -> 655.32 | J55: =TRUNC(I55*F55,2) -> 91069.82
A56: 6.17 | B56: SUDECAP | C56: 19.51.01 | D56: ESTRUTURA DE ESCORAMENTO TIPO PONTALETEAMENTO | E56: M2 | F56: 210 | G56: 14 | H56: =TRUNC(F56*G56,2) -> 2940 | I56: =TRUNC(G56*(1+$H$4),2) -> 17.14 | J56: =TRUNC(I56*F56,2) -> 3599.4
A57: 7 | D57: TABUADOS, LAMBREQUINS, CORRIMÃO E ACESSÓRIOS DE MADEIRA INCLUINDO DECK E ELEVADOR | J57: =SUM(J58:J81) -> 598062.83
A58: 7.1 | B58: COMPOSIÇÃO | C58: CPU-649 | D58: RESTAURAÇÃO E RECOLOCAÇÃO DE LAMBREQUINS E CORRIMÃO DE MADEIRA | E58: M | F58: 54 | G58: =CPUS!G211 -> 230.12 | H58: =TRUNC(F58*G58,2) -> 12426.48 | I58: =TRUNC(G58*(1+$H$4),2) -> 281.82 | J58: =TRUNC(I58*F58,2) -> 15218.28
A59: 7.2 | B59: COMPOSIÇÃO | C59: CPU-660 | D59: FABRICAÇÃO E INSTALAÇÃO DE LAMBREQUINS SEMELHANTES AOS EXISTENTES | E59: M | F59: 14 | G59: =CPUS!G229 -> 249.37 | H59: =TRUNC(F59*G59,2) -> 3491.18 | I59: =TRUNC(G59*(1+$H$4),2) -> 305.4 | J59: =TRUNC(I59*F59,2) -> 4275.6
A60: 7.3 | B60: COMPOSIÇÃO | C60: CPU-650 | D60: MADEIRAMENTO DO PISO DO DECK (VIGAS E PILARETES) - FORNECIMENTO E INSTALAÇÃO | E60: M3 | F60: 44.29 | G60: =CPUS!G236 -> 161.65 | H60: =TRUNC(F60*G60,2) -> 7159.47 | I60: =TRUNC(G60*(1+$H$4),2) -> 197.97 | J60: =TRUNC(I60*F60,2) -> 8768.09
A61: 7.4 | B61: COMPOSIÇÃO | C61: CPU-651 | D61: PERFIL DE ALUMÍNIO ANODIZADO - FORNECIMENTO E INSTALAÇÃO | E61: KG | F61: 262 | G61: =CPUS!G243 -> 99.4 | H61: =TRUNC(F61*G61,2) -> 26042.8 | I61: =TRUNC(G61*(1+$H$4),2) -> 121.73 | J61: =TRUNC(I61*F61,2) -> 31893.26
A62: 7.5 | B62: COMPOSIÇÃO | C62: CPU-661 | D62: PISO EM RÉGUA DE MADEIRA 15 X 2 CM, ENCAIXE MACHO/FÊMEA - FORNECIMENTO E INSTALAÇÃO | E62: M2 | F62: 114.4 | G62: =CPUS!G251 -> 395 | H62: =TRUNC(F62*G62,2) -> 45188 | I62: =TRUNC(G62*(1+$H$4),2) -> 483.75 | J62: =TRUNC(I62*F62,2) -> 55341
A63: 7.6 | B63: COMPOSIÇÃO | C63: CPU-652 | D63: VIDRO TEMPERADO LISO, INCOLOR, TRIPLO, ESPESSURA TOTAL 32 MM (CADA CAMADA E = 8MM) - COLOCADO (PISO DO DECK) | E63: M2 | F63: 33.6 | G63: =CPUS!G260 -> 997.78 | H63: =TRUNC(F63*G63,2) -> 33525.4 | I63: =TRUNC(G63*(1+$H$4),2) -> 1221.98 | J63: =TRUNC(I63*F63,2) -> 41058.52
A64: 7.7 | B64: COMPOSIÇÃO | C64: CPU-753 | D64: CORRIMÃO DUPLO EM AÇO INOX FIXADO EM ALVENARIA - FORNECIMENTO E INSTALAÇÃO | E64: M | F64: 9 | G64: =CPUS!G268 -> 294 | H64: =TRUNC(F64*G64,2) -> 2646 | I64: =TRUNC(G64*(1+$H$4),2) -> 360.06 | J64: =TRUNC(I64*F64,2) -> 3240.54
A65: 7.8 | B65: SINAPI | C65: 99841 | D65: GUARDA-CORPO PANORÂMICO COM PERFIS DE ALUMÍNIO E VIDRO LAMINADO 8 MM, FIXADO COM CHUMBADOR MECÂNICO. AF_04/2019_PS | E65: M | F65: 14.2 | G65: 1049 | H65: =TRUNC(F65*G65,2) -> 14895.8 | I65: =TRUNC(G65*(1+$H$4),2) -> 1284.71 | J65: =TRUNC(I65*F65,2) -> 18242.88
A66: 7.9 | B66: SETOP | C66: ED-49665 | D66: FORNECIMENTO DE ESTRUTURA METÁLICA EM PERFIL SOLDADO, INCLUSIVE FABRICAÇÃO, TRANSPORTE, MONTAGEM E APLICAÇÃO DE FUNDO PREPARADOR ANTICORROSIVO EM SUPERFÍCIE METÁLICA, UMA (1) DEMÃO | E66: KG | F66: 903 | G66: 26.5 | H66: =TRUNC(F66*G66,2) -> 23929.5 | I66: =TRUNC(G66*(1+$H$4),2) -> 32.45 | J66: =TRUNC(I66*F66,2) -> 29302.35
A67: 7.10 | B67: SINAPI | C67: 102177 | D67: INSTALAÇÃO DE VIDRO LAMINADO, E = 12 MM (4+4+4), ENCAIXADO EM PERFIL U. AF_01/2021_PS | E67: M2 | F67: 32 | G67: 1496 | H67: =TRUNC(F67*G67,2) -> 47872 | I67: =TRUNC(G67*(1+$H$4),2) -> 1832.15 | J67: =TRUNC(I67*F67,2) -> 58628.8
A68: 7.11 | B68: COMPOSIÇÃO | C68: CPU-663 | D68: PISO TÁTIL DIRECIONAL EM INOX (12 PEÇAS/M) - FORNECIMENTO E INSTALAÇÃO | E68: M | F68: 86 | G68: =CPUS!G275 -> 159.89 | H68: =TRUNC(F68*G68,2) -> 13750.54 | I68: =TRUNC(G68*(1+$H$4),2) -> 195.81 | J68: =TRUNC(I68*F68,2) -> 16839.66
A69: 7.12 | B69: COMPOSIÇÃO | C69: CPU-664 | D69: DORMENTES (MOURÃO) DE MADEIRA 20 X 20 CM, PARA CERCAMENTO - FORNECIMENTO E INSTALAÇÃO | E69: UND | F69: 50 | G69: =CPUS!G283 -> 400.88 | H69: =TRUNC(F69*G69,2) -> 20044 | I69: =TRUNC(G69*(1+$H$4),2) -> 490.95 | J69: =TRUNC(I69*F69,2) -> 24547.5
A70: 7.13 | B70: SETOP | C70: ED-50693 | D70: PRATELEIRA DE MADEIRA EMVERNIZADA, EM CONSOLE DE METALON 20 X 30 MM | E70: M2 | F70: 6.19 | G70: 190 | H70: =TRUNC(F70*G70,2) -> 1176.1 | I70: =TRUNC(G70*(1+$H$4),2) -> 232.69 | J70: =TRUNC(I70*F70,2) -> 1440.35
A71: 7.14 | B71: COMPOSIÇÃO | C71: CPU-665 | D71: CABO DE AÇO 1/8 POLEGADAS - FORNECIMENTO E INSTALAÇÃO | E71: M | F71: 47.41 | G71: =CPUS!G290 -> 30 | H71: =TRUNC(F71*G71,2) -> 1422.3 | I71: =TRUNC(G71*(1+$H$4),2) -> 36.74 | J71: =TRUNC(I71*F71,2) -> 1741.84
A72: 7.15 | B72: COMPOSIÇÃO | C72: CPU-666 | D72: TAMPO DE BALCÃO EM MADEIRA MACIÇA IPÊ, CEDRO OU PEROBA ROSA, DIMENSÃO DE 7,35M X 0,45 METROS E BORDAS IRREGULARES, ALTURA DE 15 CM, LOCALIZADA ACIMA DA BANCADA DE GRANITO 20 CM - FORNECIMENTO E INSTALAÇÃO | E72: M2 | F72: 6.95 | G72: =CPUS!G299 -> 353 | H72: =TRUNC(F72*G72,2) -> 2453.35 | I72: =TRUNC(G72*(1+$H$4),2) -> 432.31 | J72: =TRUNC(I72*F72,2) -> 3004.55
A73: 7.16 | B73: SINAPI | C73: 4998 | D73: PORTA DE MADEIRA-DE-LEI TIPO MEXICANA SEM EMENDA (ANGELIM OU EQUIVALENTE REGIONAL), E = *3,5* CM | E73: M2 | F73: 10.92 | G73: 854 | H73: =TRUNC(F73*G73,2) -> 9325.68 | I73: =TRUNC(G73*(1+$H$4),2) -> 1045.89 | J73: =TRUNC(I73*F73,2) -> 11421.11
A74: 7.17 | B74: COMPOSIÇÃO | C74: CPU-667 | D74: ARMÁRIO DE MADEIRA MACIÇA DE ACORDO COM ESPECIFICAÇÕES DOS PROJETOS OU SIMILAR - FORNECIMENTO E INSTALAÇÃO | E74: UND | F74: 2 | G74: =CPUS!G310 -> 3510 | H74: =TRUNC(F74*G74,2) -> 7020 | I74: =TRUNC(G74*(1+$H$4),2) -> 4298.69 | J74: =TRUNC(I74*F74,2) -> 8597.38
A75: 7.18 | B75: COMPOSIÇÃO | C75: CPU-668 | D75: SUBSTITUIÇÃO ASSOALHO EM MADEIRA DE LEI IPÊ, CEDRO, ANGELIM OU EQUIVALENTE 30 CM DE LARGURA, 2,5 CM DE ESPESSURA PARA INTERIOR DA EDIFICAÇÃO | E75: M2 | F75: 272.9 | G75: =CPUS!G320 -> 261.5 | H75: =TRUNC(F75*G75,2) -> 71363.35 | I75: =TRUNC(G75*(1+$H$4),2) -> 320.25 | J75: =TRUNC(I75*F75,2) -> 87396.22
A76: 7.19 | B76: COMPOSIÇÃO | C76: CPU-669 | D76: RECUPERAÇÃO ASSOALHO EM MADEIRA DE LEI IPÊ, CEDRO, ANGELIM OU EQUIVALENTE 30 CM DE LARGURA, 2,5 CM DE ESPESSURA PARA INTERIOR DA EDIFICAÇÃO | E76: M2 | F76: 100.5 | G76: =CPUS!G333 -> 310 | H76: =TRUNC(F76*G76,2) -> 31155 | I76: =TRUNC(G76*(1+$H$4),2) -> 379.65 | J76: =TRUNC(I76*F76,2) -> 38154.82
A77: 7.20 | B77: SINAPI | C77: 102193 | D77: LIXAMENTO DE MADEIRA PARA APLICAÇÃO DE FUNDO OU PINTURA. AF_01/2021 | E77: M2 | F77: 335 | G77: 2.1 | H77: =TRUNC(F77*G77,2) -> 703.5 | I77: =TRUNC(G77*(1+$H$4),2) -> 2.57 | J77: =TRUNC(I77*F77,2) -> 860.95
A78: 7.21 | B78: SINAPI | C78: 102215 | D78: PINTURA VERNIZ (INCOLOR) POLIURETÂNICO (RESINA ALQUÍDICA MODIFICADA) EM MADEIRA, 2 DEMÃOS. AF_01/2021 | E78: M2 | F78: 335 | G78: 19.2 | H78: =TRUNC(F78*G78,2) -> 6432 | I78: =TRUNC(G78*(1+$H$4),2) -> 23.51 | J78: =TRUNC(I78*F78,2) -> 7875.85
A79: 7.22 | B79: COMPOSIÇÃO | C79: CPU-639 | D79: ESTEIO OU ESTRUTURA DO ASSOALHO DE MADEIRA DE LEI, CEDRO, IMBUIA OU EQUIVALENTE TÉCNICO 25 X 25 X 7,5CM OU DEMAIS SEÇÕES | E79: M | F79: 188.16 | G79: =CPUS!G342 -> 192.07 | H79: =TRUNC(F79*G79,2) -> 36139.89 | I79: =TRUNC(G79*(1+$H$4),2) -> 235.22 | J79: =TRUNC(I79*F79,2) -> 44258.99
A80: 7.23 | B80: COMPOSIÇÃO | C80: CPU-640 | D80: FORNECIMENTO E APLICAÇÃO DE ENXERTO DE MADEIRA COM ACOMPANHAMENTO TÉCNICO | E80: M3 | F80: 6.2 | G80: =CPUS!G350 -> 1416.89 | H80: =TRUNC(F80*G80,2) -> 8784.71 | I80: =TRUNC(G80*(1+$H$4),2) -> 1735.26 | J80: =TRUNC(I80*F80,2) -> 10758.61
A81: 7.24 | B81: COMPOSIÇÃO | C81: CPU-743 | D81: CHAPA DE AÇO ESPESSURA 1/2 , " GALVANIZAÇÃO A FOGO PARA FIXAÇÃO E REFORÇO DE ESTEIOS , LIGAÇÃO ENTRE ESTEIOS E VIGAS E FIXAÇÃO MADEIRAS DO DECK (DET PROJETO ESTRUTURAL). INCLUSO PARAFUSOS E PORCAS SEXTAVADAS | E81: M2 | F81: 56 | G81: =CPUS!G358 -> 1096.42 | H81: =TRUNC(F81*G81,2) -> 61399.52 | I81: =TRUNC(G81*(1+$H$4),2) -> 1342.78 | J81: =TRUNC(I81*F81,2) -> 75195.68
A82: 8 | D82: INSTALAÇÃO ELÉTRICA E ELETRÔNICA 127/220V | J82: =SUM(J83,J91,J100,J104,J121,J170) -> 326319.58
A83: 8.1 | D83: CABOS | J83: =SUM(J84:J90) -> 52898.26
A84: 8.1.1 | B84: SINAPI | C84: 91926 | D84: CABO DE COBRE FLEXÍVEL ISOLADO, 2,5 MM2, ANTI-CHAMA 450/750 V, PARA CIRCUITOS TERMINAIS - FORNECIMENTO E INSTALAÇÃO. AF_03/2023 | E84: M | F84: 5530.5 | G84: 3.9 | H84: =TRUNC(F84*G84,2) -> 21568.95 | I84: =TRUNC(G84*(1+$H$4),2) -> 4.77 | J84: =TRUNC(I84*F84,2) -> 26380.48
A85: 8.1.2 | B85: SINAPI | C85: 91928 | D85: CABO DE COBRE FLEXÍVEL ISOLADO, 4 MM2, ANTI-CHAMA 450/750 V, PARA CIRCUITOS TERMINAIS - FORNECIMENTO E INSTALAÇÃO. AF_03/2023 | E85: M | F85: 1840.5 | G85: 6 | H85: =TRUNC(F85*G85,2) -> 11043 | I85: =TRUNC(G85*(1+$H$4),2) -> 7.34 | J85: =TRUNC(I85*F85,2) -> 13509.27
A86: 8.1.3 | B86: SINAPI | C86: 91930 | D86: CABO DE COBRE FLEXÍVEL ISOLADO, 6 MM2, ANTI-CHAMA 450/750 V, PARA CIRCUITOS TERMINAIS - FORNECIMENTO E INSTALAÇÃO. AF_03/2023 | E86: M | F86: 54 | G86: 8.3 | H86: =TRUNC(F86*G86,2) -> 448.2 | I86: =TRUNC(G86*(1+$H$4),2) -> 10.16 | J86: =TRUNC(I86*F86,2) -> 548.64
A87: 8.1.4 | B87: SINAPI | C87: 91932 | D87: CABO DE COBRE FLEXÍVEL ISOLADO, 10 MM2, ANTI-CHAMA 450/750 V, PARA CIRCUITOS TERMINAIS - FORNECIMENTO E INSTALAÇÃO. AF_03/2023 | E87: M | F87: 37.5 | G87: 14.9 | H87: =TRUNC(F87*G87,2) -> 558.75 | I87: =TRUNC(G87*(1+$H$4),2) -> 18.24 | J87: =TRUNC(I87*F87,2) -> 684
A88: 8.1.5 | B88: SINAPI | C88: 91927 | D88: CABO DE COBRE FLEXÍVEL ISOLADO, 2,5 MM2, ANTI-CHAMA 0,6/1,0KV, PARA CIRCUITOS TERMINAIS - FORNECIMENTO E INSTALAÇÃO. AF_03/2023 | E88: M | F88: 1201.5 | G88: 4.3 | H88: =TRUNC(F88*G88,2) -> 5166.45 | I88: =TRUNC(G88*(1+$H$4),2) -> 5.26 | J88: =TRUNC(I88*F88,2) -> 6319.89
A89: 8.1.6 | B89: SINAPI | C89: 92982 | D89: CABO DE COBRE FLEXÍVEL ISOLADO, 16 MM2, ANTI-CHAMA 0,6/1,0KV, PARA CIRCUITOS TERMINAIS - FORNECIMENTO E INSTALAÇÃO. AF_12/2021 | E89: M | F89: 64.5 | G89: 14.6 | H89: =TRUNC(F89*G89,2) -> 941.7 | I89: =TRUNC(G89*(1+$H$4),2) -> 17.88 | J89: =TRUNC(I89*F89,2) -> 1153.26
A90: 8.1.7 | B90: SINAPI | C90: 92984 | D90: CABO DE COBRE FLEXÍVEL ISOLADO, 25 MM2, ANTI-CHAMA 0,6/1,0KV, PARA REDE ENTERRADA DE DISTRIBUIÇÃO DE ENERGIA ELÉTRICA - FORNECIMENTO E INSTALAÇÃO. AF_12/2021 | E90: M | F90: 144 | G90: 24.4 | H90: =TRUNC(F90*G90,2) -> 3513.6 | I90: =TRUNC(G90*(1+$H$4),2) -> 29.88 | J90: =TRUNC(I90*F90,2) -> 4302.72
A91: 8.2 | D91: ELETROCALHA, ELETRODUTOS E PERFILADOS | J91: =SUM(J92:J99) -> 96606.02
A92: 8.2.1 | B92: SETOP | C92: ED-19511 | D92: ELETROCALHA LISA (100X100)MM EM CHAPA DE AÇO GALVANIZADO #18, COM TRATAMENTO PRÉ-ZINCADO, INCLUSIVE TAMPA DE ENCAIXE, FIXAÇÃO SUPERIOR, CONEXÕES E ACESSÓRIOS | E92: M | F92: 167.35 | G92: 133 | H92: =TRUNC(F92*G92,2) -> 22257.55 | I92: =TRUNC(G92*(1+$H$4),2) -> 162.88 | J92: =TRUNC(I92*F92,2) -> 27257.96
A93: 8.2.2 | B93: SETOP | C93: ED-19510 | D93: ELETROCALHA LISA (100X50)MM EM CHAPA DE AÇO GALVANIZADO #18, COM TRATAMENTO PRÉ-ZINCADO, INCLUSIVE TAMPA DE ENCAIXE, FIXAÇÃO SUPERIOR, CONEXÕES E ACESSÓRIOS | E93: M | F93: 41.32 | G93: 105 | H93: =TRUNC(F93*G93,2) -> 4338.6 | I93: =TRUNC(G93*(1+$H$4),2) -> 128.59 | J93: =TRUNC(I93*F93,2) -> 5313.33
A94: 8.2.3 | B94: SUDECAP | C94: 11.12.01 | D94: PERFILADO CH 22 PERFURADO COM TAMPA 38 X 38 MM | E94: M | F94: 1398 | G94: 27.9 | H94: =TRUNC(F94*G94,2) -> 39004.2 | I94: =TRUNC(G94*(1+$H$4),2) -> 34.16 | J94: =TRUNC(I94*F94,2) -> 47755.68
A95: 8.2.4 | B95: SUDECAP | C95: 11.03.01 | D95: ELETRODUTO FLEXÍVEL SEALTUBO D=1" OU EQUIVALENTE | E95: M | F95: 16.5 | G95: 19.3 | H95: =TRUNC(F95*G95,2) -> 318.45 | I95: =TRUNC(G95*(1+$H$4),2) -> 23.63 | J95: =TRUNC(I95*F95,2) -> 389.89
A96: 8.2.5 | B96: SINAPI | C96: 91836 | D96: ELETRODUTO FLEXÍVEL CORRUGADO, PVC, DN 32 MM (1"), PARA CIRCUITOS TERMINAIS, INSTALADO EM FORRO - FORNECIMENTO E INSTALAÇÃO. AF_03/2023 | E96: M | F96: 565.5 | G96: 13.7 | H96: =TRUNC(F96*G96,2) -> 7747.35 | I96: =TRUNC(G96*(1+$H$4),2) -> 16.77 | J96: =TRUNC(I96*F96,2) -> 9483.43
A97: 8.2.6 | B97: SINAPI | C97: 91837 | D97: ELETRODUTO FLEXÍVEL CORRUGADO, REFORÇADO PVC, DN 32 MM (1"), PARA CIRCUITOS TERMINAIS, INSTALADO EM FORRO - FORNECIMENTO E INSTALAÇÃO. AF_03/2023 | E97: M | F97: 109.5 | G97: 17.5 | H97: =TRUNC(F97*G97,2) -> 1916.25 | I97: =TRUNC(G97*(1+$H$4),2) -> 21.43 | J97: =TRUNC(I97*F97,2) -> 2346.58
A98: 8.2.7 | B98: SETOP | C98: ED-49318 | D98: ELETRODUTO DE AÇO GALVANIZADO LEVE, INCLUSIVE CONEXÕES, SUPORTES E FIXAÇÃO DN 25 (1") | E98: M | F98: 105 | G98: 28.9 | H98: =TRUNC(F98*G98,2) -> 3034.5 | I98: =TRUNC(G98*(1+$H$4),2) -> 35.39 | J98: =TRUNC(I98*F98,2) -> 3715.95
A99: 8.2.8 | B99: SINAPI | C99: 97667 | D99: ELETRODUTO FLEXÍVEL CORRUGADO, PEAD, DN 50 MM (1 1/2"), PARA REDE ENTERRADA DE DISTRIBUIÇÃO DE ENERGIA ELÉTRICA - FORNECIMENTO E INSTALAÇÃO. AF_12/2021 | E99: M | F99: 33 | G99: 8.5 | H99: =TRUNC(F99*G99,2) -> 280.5 | I99: =TRUNC(G99*(1+$H$4),2) -> 10.4 | J99: =TRUNC(I99*F99,2) -> 343.2
A100: 8.3 | D100: QUADROS ELÉTRICOS E CAIXAS PARA MEDIÇÃO | J100: =SUM(J101:J103) -> 9517.13
...

Sheet CRONOGRAMA
A1: CRONOGRAMA FÍSICO-FINANCEIRO | V1: =PLANILHA!I1 -> DATA: 15/02/2024
A2: =PLANILHA!A2 -> CLIENTE: | B2: =PLANILHA!C2 -> PREFEITURA MUNICIPAL DE SANTA LUZIA | T2: (X) ONERADO ( ) DESONERADO | V2: BASES ORÇAMENTÁRIAS:
A3: =PLANILHA!A4 -> OBRA: | B3: =PLANILHA!C4 -> REFORMA DO SOLAR TEIXEIRA DA COSTA (MUSEU AURÉLIO DOLABELLA) | T3: =PLANILHA!G4 -> BDI: | U3: =PLANILHA!H4 -> 0.2247 | V3: =PLANILHA!I4 -> ABRIL/2023 - SETOP (CENTRAL); JUNHO/2023 - SINAPI; ABRIL/2023 - SUDECAP; JULHO/2023 - SBC; MAIO/2023 - ORSE.
A4: =PLANILHA!A5 -> ENDEREÇO: | B4: =PLANILHA!C5 -> RUA DIREITA, 785, CENTRO. SANTA LUZIA/MG - CEP: 33010000 | T4: =PLANILHA!G5 -> PRAZO OBRA: | U4: =PLANILHA!H5 -> 18 MESES
A5: ITEM | B5: DESCRIÇÃO | C5: VALOR | E5: 1 MÊS | F5: 2 MÊS | G5: 3 MÊS | H5: 4 MÊS | I5: 5 MÊS | J5: 6 MÊS | K5: 7 MÊS | L5: 8 MÊS | M5: 9 MÊS | N5: 10 MÊS | O5: 11 MÊS | P5: 12 MÊS | Q5: 13 MÊS | R5: 14 MÊS | S5: 15 MÊS | T5: 16 MÊS | U5: 17 MÊS | V5: 18 MÊS | W5: TOTAL
A6: 1 | B6: =PLANILHA!$D$7 -> ADMINISTRATIVO | C6: =PLANILHA!$J$7 -> 1114130.6 | D6: % | E6: 0.05 | F6: 0.01 | G6: 0.02 | H6: 0.02 | I6: 0.03 | J6: 0.02 | K6: 0.08 | L6: 0.09 | M6: 0.08 | N6: 0.09 | O6: 0.09 | P6: 0.04 | Q6: 0.08 | R6: 0.06 | S6: 0.06 | T6: 0.06 | U6: 0.04 | V6: 0.08 | W6: =SUM(E6:V6) -> 1
D8: R$ | E8: =IF(E6=0,"",$C$6*E6) -> 55706.528 | F8: =IF(F6=0,"",$C$6*F6) -> 11141.306 | G8: =IF(G6=0,"",$C$6*G6) -> 22282.611 | H8: =IF(H6=0,"",$C$6*H6) -> 22282.611 | I8: =IF(I6=0,"",$C$6*I6) -> 33423.916 | J8: =IF(J6=0,"",$C$6*J6) -> 22282.611 | K8: =IF(K6=0,"",$C$6*K6) -> 89130.444 | L8: =IF(L6=0,"",$C$6*L6) -> 100271.75 | ... W8: =IF(W6=0,"",$C$6*W6) -> 1114130.6
A9: 2 | B9: =PLANILHA!$D$9 -> IMPLANTAÇÃO | C9: =PLANILHA!$J$9 -> 91913.37 | D9: % | E9: 1 | W9: =SUM(E9:V9) -> 1
D11: R$ | E11: =IF(E9=0,"",$C$9*E9) -> 91913.37 | F11: =IF(F9=0,"",$C$9*F9) | G11: =IF(G9=0,"",$C$9*G9) | H11: =IF(H9=0,"",$C$9*H9) | I11: =IF(I9=0,"",$C$9*I9) | J11: =IF(J9=0,"",$C$9*J9) | K11: =IF(K9=0,"",$C$9*K9) | L11: =IF(L9=0,"",$C$9*L9) | ... W11: =IF(W9=0,"",$C$9*W9) -> 91913.37
A12: 3 | B12: =PLANILHA!$D$20 -> REMOÇÕES | C12: =PLANILHA!$J$20 -> 118230.52 | D12: % | E12: 0.3 | F12: 0.4 | G12: 0.3 | W12: =SUM(E12:V12) -> 1
D14: R$ | E14: =IF(E12=0,"",$C$12*E12) -> 35469.156 | F14: =IF(F12=0,"",$C$12*F12) -> 47292.208 | G14: =IF(G12=0,"",$C$12*G12) -> 35469.156 | H14: =IF(H12=0,"",$C$12*H12) | I14: =IF(I12=0,"",$C$12*I12) | J14: =IF(J12=0,"",$C$12*J12) | K14: =IF(K12=0,"",$C$12*K12) | L14: =IF(L12=0,"",$C$12*L12) | ... W14: =IF(W12=0,"",$C$12*W12) -> 118230.52
A15: 4 | B15: =PLANILHA!$D$31 -> MOVIMENTAÇÃO DE TERRA | C15: =PLANILHA!$J$31 -> 9509.77 | D15: % | F15: 0.4 | G15: 0.6 | W15: =SUM(E15:V15) -> 1
D17: R$ | E17: =IF(E15=0,"",$C$15*E15) | F17: =IF(F15=0,"",$C$15*F15) -> 3803.908 | G17: =IF(G15=0,"",$C$15*G15) -> 5705.862 | H17: =IF(H15=0,"",$C$15*H15) | I17: =IF(I15=0,"",$C$15*I15) | J17: =IF(J15=0,"",$C$15*J15) | K17: =IF(K15=0,"",$C$15*K15) | L17: =IF(L15=0,"",$C$15*L15) | ... W17: =IF(W15=0,"",$C$15*W15) -> 9509.77
A18: 5 | B18: =PLANILHA!$D$34 -> INFRAESTRUTURA E FUNDAÇÃO | C18: =PLANILHA!$J$34 -> 56515.15 | D18: % | H18: 0.5 | I18: 0.5 | W18: =SUM(E18:V18) -> 1
D20: R$ | E20: =IF(E18=0,"",$C$18*E18) | F20: =IF(F18=0,"",$C$18*F18) | G20: =IF(G18=0,"",$C$18*G18) | H20: =IF(H18=0,"",$C$18*H18) -> 28257.575 | I20: =IF(I18=0,"",$C$18*I18) -> 28257.575 | J20: =IF(J18=0,"",$C$18*J18) | K20: =IF(K18=0,"",$C$18*K18) | L20: =IF(L18=0,"",$C$18*L18) | ... W20: =IF(W18=0,"",$C$18*W18) -> 56515.15
A21: 6 | B21: =PLANILHA!$D$39 -> PAREDES, PAINEIS, FECHAMENTOS E REVESTIMENTO | C21: =PLANILHA!$J$39 -> 423648.33 | D21: % | I21: 0.25 | J21: 0.25 | K21: 0.25 | L21: 0.25 | W21: =SUM(E21:V21) -> 1
D23: R$ | E23: =IF(E21=0,"",$C$21*E21) | F23: =IF(F21=0,"",$C$21*F21) | G23: =IF(G21=0,"",$C$21*G21) | H23: =IF(H21=0,"",$C$21*H21) | I23: =IF(I21=0,"",$C$21*I21) -> 105912.08 | J23: =IF(J21=0,"",$C$21*J21) -> 105912.08 | K23: =IF(K21=0,"",$C$21*K21) -> 105912.08 | L23: =IF(L21=0,"",$C$21*L21) -> 105912.08 | ... W23: =IF(W21=0,"",$C$21*W21) -> 423648.33
A24: 7 | B24: =PLANILHA!$D$57 -> TABUADOS, LAMBREQUINS, CORRIMÃO E ACESSÓRIOS DE MADEIRA INCLUINDO DECK E ELEVADOR | C24: =PLANILHA!$J$57 -> 598062.83 | D24: % | K24: 0.2 | L24: 0.2 | M24: 0.2 | N24: 0.2 | O24: 0.2 | W24: =SUM(E24:V24) -> 1
D26: R$ | E26: =IF(E24=0,"",$C$24*E24) | F26: =IF(F24=0,"",$C$24*F24) | G26: =IF(G24=0,"",$C$24*G24) | H26: =IF(H24=0,"",$C$24*H24) | I26: =IF(I24=0,"",$C$24*I24) | J26: =IF(J24=0,"",$C$24*J24) | K26: =IF(K24=0,"",$C$24*K24) -> 119612.57 | L26: =IF(L24=0,"",$C$24*L24) -> 119612.57 | ... W26: =IF(W24=0,"",$C$24*W24) -> 598062.83
A27: 8 | B27: =PLANILHA!$D$82 -> INSTALAÇÃO ELÉTRICA E ELETRÔNICA 127/220V | C27: =PLANILHA!$J$82 -> 326319.58 | D27: % | M27: 0.3 | N27: 0.4 | O27: 0.3 | W27: =SUM(E27:V27) -> 1
D29: R$ | E29: =IF(E27=0,"",$C$27*E27) | F29: =IF(F27=0,"",$C$27*F27) | G29: =IF(G27=0,"",$C$27*G27) | H29: =IF(H27=0,"",$C$27*H27) | I29: =IF(I27=0,"",$C$27*I27) | J29: =IF(J27=0,"",$C$27*J27) | K29: =IF(K27=0,"",$C$27*K27) | L29: =IF(L27=0,"",$C$27*L27) | ... W29: =IF(W27=0,"",$C$27*W27) -> 326319.58
A30: 9 | B30: =PLANILHA!$D$179 -> INSTALAÇÕES HIDRÁULICAS | C30: =PLANILHA!$J$179 -> 94314.22 | D30: % | O30: 0.5 | P30: 0.5 | W30: =SUM(E30:V30) -> 1
D32: R$ | E32: =IF(E30=0,"",$C$30*E30) | F32: =IF(F30=0,"",$C$30*F30) | G32: =IF(G30=0,"",$C$30*G30) | H32: =IF(H30=0,"",$C$30*H30) | I32: =IF(I30=0,"",$C$30*I30) | J32: =IF(J30=0,"",$C$30*J30) | K32: =IF(K30=0,"",$C$30*K30) | L32: =IF(L30=0,"",$C$30*L30) | ... W32: =IF(W30=0,"",$C$30*W30) -> 94314.22
A33: 10 | B33: =PLANILHA!$D$286 -> PLATAFORMA | C33: =PLANILHA!$J$286 -> 144206.11 | D33: % | S33: 0.5 | T33: 0.5 | W33: =SUM(E33:V33) -> 1
D35: R$ | E35: =IF(E33=0,"",$C$33*E33) | F35: =IF(F33=0,"",$C$33*F33) | G35: =IF(G33=0,"",$C$33*G33) | H35: =IF(H33=0,"",$C$33*H33) | I35: =IF(I33=0,"",$C$33*I33) | J35: =IF(J33=0,"",$C$33*J33) | K35: =IF(K33=0,"",$C$33*K33) | L35: =IF(L33=0,"",$C$33*L33) | ... W35: =IF(W33=0,"",$C$33*W33) -> 144206.11
A36: 11 | B36: =PLANILHA!$D$290 -> INSTALAÇÕES DE SEGURANÇA, PROTEÇÃO E COMBATE À INCÊNDIO | C36: =PLANILHA!$J$290 -> 113328.28 | D36: % | S36: 0.5 | T36: 0.5 | W36: =SUM(E36:V36) -> 1
D38: R$ | E38: =IF(E36=0,"",$C$36*E36) | F38: =IF(F36=0,"",$C$36*F36) | G38: =IF(G36=0,"",$C$36*G36) | H38: =IF(H36=0,"",$C$36*H36) | I38: =IF(I36=0,"",$C$36*I36) | J38: =IF(J36=0,"",$C$36*J36) | K38: =IF(K36=0,"",$C$36*K36) | L38: =IF(L36=0,"",$C$36*L36) | ... W38: =IF(W36=0,"",$C$36*W36) -> 113328.28
A39: 12 | B39: =PLANILHA!$D$331 -> ESQUADRIAS | C39: =PLANILHA!$J$331 -> 111074.28 | D39: % | M39: 0.3 | N39: 0.3 | O39: 0.4 | W39: =SUM(E39:V39) -> 1
D41: R$ | E41: =IF(E39=0,"",$C$39*E39) | F41: =IF(F39=0,"",$C$39*F39) | G41: =IF(G39=0,"",$C$39*G39) | H41: =IF(H39=0,"",$C$39*H39) | I41: =IF(I39=0,"",$C$39*I39) | J41: =IF(J39=0,"",$C$39*J39) | K41: =IF(K39=0,"",$C$39*K39) | L41: =IF(L39=0,"",$C$39*L39) | ... O41: =IF(O39=0,"",$C$39*O39) -> 44429.712 | T41: =IF(T39=0,"",$C$36*T39) | U41: =IF(U39=0,"",$C$36*U39) | V41: =IF(V39=0,"",$C$36*V39) | W41: =IF(W39=0,"",$C$39*W39) -> 111074.28
A42: 13 | B42: =PLANILHA!$D$346 -> COBERTURA, FORROS | C42: =PLANILHA!$J$346 -> 243405.73 | D42: % | Q42: 0.4 | R42: 0.4 | S42: 0.2 | W42: =SUM(E42:V42) -> 1
D44: R$ | E44: =IF(E42=0,"",$C$42*E42) | F44: =IF(F42=0,"",$C$42*F42) | G44: =IF(G42=0,"",$C$42*G42) | H44: =IF(H42=0,"",$C$42*H42) | I44: =IF(I42=0,"",$C$42*I42) | J44: =IF(J42=0,"",$C$42*J42) | K44: =IF(K42=0,"",$C$42*K42) | L44: =IF(L42=0,"",$C$42*L42) | ... W44: =IF(W42=0,"",$C$42*W42) -> 243405.73
A45: 14 | B45: =PLANILHA!$D$350 -> PISO, RODAPÉS E PEITORIS | C45: =PLANILHA!$J$350 -> 50642.31 | D45: % | K45: 0.4 | L45: 0.3 | M45: 0.3 | W45: =SUM(E45:V45) -> 1
D47: R$ | E47: =IF(E45=0,"",$C$45*E45) | F47: =IF(F45=0,"",$C$45*F45) | G47: =IF(G45=0,"",$C$45*G45) | H47: =IF(H45=0,"",$C$45*H45) | I47: =IF(I45=0,"",$C$45*I45) | J47: =IF(J45=0,"",$C$45*J45) | K47: =IF(K45=0,"",$C$45*K45) -> 20256.924 | L47: =IF(L45=0,"",$C$45*L45) -> 15192.693 | M47: =IF(M45=0,"",$C$45*M45) -> 15192.693 | T47: =IF(T45=0,"",$C$36*T45) | U47: =IF(U45=0,"",$C$36*U45) | V47: =IF(V45=0,"",$C$36*V45) | W47: =IF(W45=0,"",$C$45*W45) -> 50642.31
A48: 15 | B48: =PLANILHA!$D$356 -> PINTURA E IMPERMEABILIZAÇÃO | C48: =PLANILHA!$J$356 -> 272955.14 | D48: % | Q48: 0.1 | R48: 0.2 | S48: 0.2 | T48: 0.2 | U48: 0.2 | V48: 0.1 | W48: =SUM(E48:V48) -> 1
D50: R$ | E50: =IF(E48=0,"",$C$48*E48) | F50: =IF(F48=0,"",$C$48*F48) | G50: =IF(G48=0,"",$C$48*G48) | H50: =IF(H48=0,"",$C$48*H48) | I50: =IF(I48=0,"",$C$48*I48) | J50: =IF(J48=0,"",$C$48*J48) | K50: =IF(K48=0,"",$C$48*K48) | L50: =IF(L48=0,"",$C$48*L48) | ... W50: =IF(W48=0,"",$C$48*W48) -> 272955.14
A51: 16 | B51: =PLANILHA!$D$363 -> LOUÇAS E METAIS | C51: =PLANILHA!$J$363 -> 59494.23 | D51: % | Q51: 0.5 | R51: 0.5 | W51: =SUM(E51:V51) -> 1
D53: R$ | E53: =IF(E51=0,"",$C$51*E51) | F53: =IF(F51=0,"",$C$51*F51) | G53: =IF(G51=0,"",$C$51*G51) | H53: =IF(H51=0,"",$C$51*H51) | I53: =IF(I51=0,"",$C$51*I51) | J53: =IF(J51=0,"",$C$51*J51) | K53: =IF(K51=0,"",$C$51*K51) | L53: =IF(L51=0,"",$C$51*L51) | ... R53: =IF(R51=0,"",$C$51*R51) -> 29747.115 | T53: =IF(T51=0,"",$C$36*T51) | U53: =IF(U51=0,"",$C$36*U51) | V53: =IF(V51=0,"",$C$36*V51) | W53: =IF(W51=0,"",$C$51*W51) -> 59494.23
A54: 17 | B54: =PLANILHA!$D$406 -> ÁREAS EXTERNAS | C54: =PLANILHA!$J$406 -> 6499.01 | D54: % | S54: 0.5 | T54: 0.5 | W54: =SUM(E54:V54) -> 1
D56: R$ | E56: =IF(E54=0,"",$C$54*E54) | F56: =IF(F54=0,"",$C$54*F54) | G56: =IF(G54=0,"",$C$54*G54) | H56: =IF(H54=0,"",$C$54*H54) | I56: =IF(I54=0,"",$C$54*I54) | J56: =IF(J54=0,"",$C$54*J54) | K56: =IF(K54=0,"",$C$54*K54) | L56: =IF(L54=0,"",$C$54*L54) | ... W56: =IF(W54=0,"",$C$54*W54) -> 6499.01
A57: 18 | B57: =PLANILHA!$D$414 -> SERVIÇOS DIVERSOS | C57: =PLANILHA!$J$414 -> 2505159.4 | D57: % | L57: 0.1 | M57: 0.09 | N57: 0.09 | O57: 0.09 | P57: 0.09 | Q57: 0.09 | R57: 0.09 | S57: 0.09 | T57: 0.09 | U57: 0.09 | V57: 0.09 | W57: =SUM(E57:V57) -> 1
D59: R$ | E59: =IF(E57=0,"",$C$57*E57) | F59: =IF(F57=0,"",$C$57*F57) | G59: =IF(G57=0,"",$C$57*G57) | H59: =IF(H57=0,"",$C$57*H57) | I59: =IF(I57=0,"",$C$57*I57) | J59: =IF(J57=0,"",$C$57*J57) | K59: =IF(K57=0,"",$C$57*K57) | L59: =IF(L57=0,"",$C$57*L57) -> 250515.94 | ... W59: =IF(W57=0,"",$C$57*W57) -> 2505159.4
A60: 19 | B60: =PLANILHA!$D$420 -> DEDETIZAÇÃO E IMUNIZAÇÃO | C60: =PLANILHA!$J$420 -> 217774.28 | D60: % | E60: 0.2 | K60: 0.2 | Q60: 0.2 | V60: 0.4 | W60: =SUM(E60:V60) -> 1
D62: R$ | E62: =IF(E60=0,"",$C$60*E60) -> 43554.856 | F62: =IF(F60=0,"",$C$60*F60) | G62: =IF(G60=0,"",$C$60*G60) | H62: =IF(H60=0,"",$C$60*H60) | I62: =IF(I60=0,"",$C$60*I60) | J62: =IF(J60=0,"",$C$60*J60) | K62: =IF(K60=0,"",$C$60*K60) -> 43554.856 | L62: =IF(L60=0,"",$C$60*L60) | ... W62: =IF(W60=0,"",$C$60*W60) -> 217774.28
A63: 20 | B63: =PLANILHA!$D$424 -> SERVIÇOS FINAIS | C63: =PLANILHA!$J$424 -> 47104.77 | D63: % | E63: 0.05 | F63: 0.05 | G63: 0.05 | H63: 0.05 | I63: 0.05 | J63: 0.05 | K63: 0.05 | L63: 0.05 | M63: 0.05 | N63: 0.05 | O63: 0.05 | P63: 0.05 | Q63: 0.05 | R63: 0.05 | S63: 0.05 | T63: 0.05 | U63: 0.05 | V63: 0.15 | W63: =SUM(E63:V63) -> 1
D65: R$ | E65: =IF(E63=0,"",$C$63*E63) -> 2355.2385 | F65: =IF(F63=0,"",$C$63*F63) -> 2355.2385 | G65: =IF(G63=0,"",$C$63*G63) -> 2355.2385 | H65: =IF(H63=0,"",$C$63*H63) -> 2355.2385 | I65: =IF(I63=0,"",$C$63*I63) -> 2355.2385 | J65: =IF(J63=0,"",$C$63*J63) -> 2355.2385 | K65: =IF(K63=0,"",$C$63*K63) -> 2355.2385 | L65: =IF(L63=0,"",$C$63*L63) -> 2355.2385 | ... W65: =IF(W63=0,"",$C$63*W63) -> 47104.77
B66: TOTAL GERAL DA PLANILHA | C66: =SUM(C6:C65) -> 6604287.8
B67: TOTAL MENSAL | D67: R$ | E67: =SUMIF($D$6:$D$65,$D$8,E6:E65) -> 228999.15 | F67: =SUMIF($D$6:$D$65,$D$8,F6:F65) -> 64592.66 | G67: =SUMIF($D$6:$D$65,$D$8,G6:G65) -> 65812.867 | H67: =SUMIF($D$6:$D$65,$D$8,H6:H65) -> 52895.425 | I67: =SUMIF($D$6:$D$65,$D$8,I6:I65) -> 169948.81 | J67: =SUMIF($D$6:$D$65,$D$8,J6:J65) -> 130549.93 | K67: =SUMIF($D$6:$D$65,$D$8,K6:K65) -> 380822.11 | L67: =SUMIF($D$6:$D$65,$D$8,L6:L65) -> 593860.27 | ... V67: =SUMIF($D$6:$D$65,$D$8,V6:V65) -> 436065.73 | W67: =SUM(E67:V67) -> 6604287.8
B68: PERCENTUAL MENSAL | D68: % | E68: =E67/$C$66 -> 0.034674314 | F68: =F67/$C$66 -> 0.0097804126 | G68: =G67/$C$66 -> 0.0099651725 | H68: =H67/$C$66 -> 0.0080092549 | I68: =I67/$C$66 -> 0.025733102 | J68: =J67/$C$66 -> 0.01976745 | K68: =K67/$C$66 -> 0.057662858 | L68: =L67/$C$66 -> 0.08992041 | ... W68: =W67/$C$66 -> 1
B69: TOTAL ACUMULADO | D69: R$ | E69: =E67 -> 228999.15 | F69: =E69+F67 -> 293591.81 | G69: =F69+G67 -> 359404.68 | H69: =G69+H67 -> 412300.1 | I69: =H69+I67 -> 582248.91 | J69: =I69+J67 -> 712798.84 | K69: =J69+K67 -> 1093621 | L69: =K69+L67 -> 1687481.2 | M69: =L69+M67 -> 2270454.7 | ... V69: =U69+V67 -> 6604287.8
B70: PERCENTUAL ACUMULADO | D70: % | E70: =E69/$C$66 -> 0.034674314 | F70: =F69/$C$66 -> 0.044454726 | G70: =G69/$C$66 -> 0.054419899 | H70: =H69/$C$66 -> 0.062429154 | I70: =I69/$C$66 -> 0.088162256 | J70: =J69/$C$66 -> 0.10792971 | K70: =K69/$C$66 -> 0.16559256 | L70: =L69/$C$66 -> 0.25551297 | ... V70: =V69/$C$66 -> 1
A71: =PLANILHA!A430 -> Renato Pinheiro Cury Engenheiro Civil CREA/MG: 36.264/D
A72: =PLANILHA!A431 -> RESTAURARE CONSTRUTORA LTDA
T366: =(0.71*0.52*3)*2 -> 2.2152
T367: =(1*1)*7 -> 7
T370: 1
C371: 102151
A453: José Henrique R. Baesse Engenheiro Civil CREA/MG: 053341/D | E453: Augusto Cezar Peres Filho Engenheiro Civil CREA/MG: 284699/D

Sheet BDI
A1: COMPOSIÇÃO DE BDI
A2: ACÓRDÃO 2622/2013 - TCU
A3: CÁLCULO DO BDI
A4: Cliente
A5: =PLANILHA!C2 -> PREFEITURA MUNICIPAL DE SANTA LUZIA
A6: Obra
A7: =PLANILHA!C4 -> REFORMA DO SOLAR TEIXEIRA DA COSTA (MUSEU AURÉLIO DOLABELLA)
A8: Endereço
A9: =PLANILHA!C5 -> RUA DIREITA, 785, CENTRO. SANTA LUZIA/MG - CEP: 33010000
A10: Município | I10: UF
A11: SANTA LUZIA | I11: MG
A12: Parâmetros para cálculo do BDI
A13: Itens Admissíveis | B13: Intervalos admissíveis sem justificativa | H13: Índices adotados
A14: Administração Central (AC) | B14: De | C14: 0.03 | E14: até | F14: 0.055 | H14: Administração Central (AC) | I14: 0.035
A15: Seguro e Garantia (S+G) | B15: De | C15: 0.008 | E15: até | F15: 0.01 | H15: Seguro e Garantia (S+G) | I15: 0.01
A16: Risco (R) | B16: De | C16: 0.0097 | E16: até | F16: 0.0127 | H16: Risco (R) | I16: 0.0099
A17: Despesas financeiras (DF) | B17: De | C17: 0.0059 | E17: até | F17: 0.0139 | H17: Despesas financeiras (DF) | I17: 0.01
A18: Lucro (L) | B18: De | C18: 0.0616 | E18: até | F18: 0.0896 | H18: Lucro (L) | I18: 0.0673
A19: Tributos (T) | B19: De | C19: =SUM(C20:D22) -> 0.0365 | E19: até | F19: =SUM(F20:G22) -> 0.0865 | H19: Tributos (T) | I19: =SUM(I20:I22) -> 0.0715
A20: Tributo - ISS | B20: De | C20: 0 | E20: até | F20: 0.05 | H20: Tributo - ISS | I20: 0.035
A21: Tributo - PIS | B21: De | C21: 0.0065 | E21: até | F21: 0.0065 | H21: Tributo - PIS | I21: 0.0065
A22: Tributo - COFINS | B22: De | C22: 0.03 | E22: até | F22: 0.03 | H22: Tributo - COFINS | I22: 0.03
A23: CPRB | B23: De | C23: 0 | E23: até | F23: 0.045 | H23: CPRB
A24: Controle
A25: Administração Central (AC) | B25: =IF(I14>F14,"Incidência maior que a permitida",IF(I14<C14,"Incidência menor que a permitida","ok")) -> ok
A26: Seguro e Garantia (S+G) | B26: =IF(I15>F15,"Incidência maior que a permitida",IF(I15<C15,"Incidência menor que a permitida","ok")) -> ok
A27: Risco (R) | B27: =IF(I16>F16,"Incidência maior que a permitida",IF(I16<C16,"Incidência menor que a permitida","ok")) -> ok
A28: Despesas financeiras (DF) | B28: =IF(I17>F17,"Incidência maior que a permitida",IF(I17<C17,"Incidência menor que a permitida","ok")) -> ok
A29: Lucro (L) | B29: =IF(I18>F18,"Incidência maior que a permitida",IF(I18<C18,"Incidência menor que a permitida","ok")) -> ok
A30: Tributos (T) | B30: =IF(I19>F19,"Incidência maior que a permitida",IF(I19<C19,"Incidência menor que a permitida","ok")) -> ok
A31: CPRB | B31: =IF(I23>F23,"Incidência maior que a permitida",IF(I23<C23,"Incidência menor que a permitida","ok")) -> ok
A32: BDI CALCULADO ----> | B32: BDI = (1+AC+S+R+G)*(1+DF)*(1+L)/(1-(T+E)) | I32: =ROUND(((1+I14+I15+I16)*(1+I17)*(1+I18)/(1-(I19+I23))-1),4) -> 0.2247
A33: =PLANILHA!A430 -> Renato Pinheiro Cury Engenheiro Civil CREA/MG: 36.264/D
A34: =PLANILHA!A431 -> RESTAURARE CONSTRUTORA LTDA
F339: =(0.71*0.52*3)*2 -> 2.2152
F340: =(1*1)*7 -> 7
F343: 1
C344: 102151
A426: José Henrique R. Baesse Engenheiro Civil CREA/MG: 053341/D | E426: Augusto Cezar Peres Filho Engenheiro Civil CREA/MG: 284699/D

Sheet CRONOGRAMA (2)
A1: CRONOGRAMA FÍSICO-FINANCEIRO
A2: PRAZO DA OBRA: | D2: =PLANILHA!H5 -> 18 MESES
A3: CLIENTE: | B3: =PLANILHA!C2 -> PREFEITURA MUNICIPAL DE SANTA LUZIA
A4: OBRA: | B4: =PLANILHA!C4 -> REFORMA DO SOLAR TEIXEIRA DA COSTA (MUSEU AURÉLIO DOLABELLA)
A5: ENDEREÇO: | B5: =PLANILHA!C5 -> RUA DIREITA, 785, CENTRO. SANTA LUZIA/MG - CEP: 33010000
A6: CRONOGRAMA FÍSICO-FINANCEIRO
A7: ITEM | B7: DESCRIÇÃO | C7: VALOR | E7: 1 MÊS | F7: 2 MÊS | G7: 3 MÊS | H7: 4 MÊS | I7: TOTAL
A8: 1 | B8: =VLOOKUP(A8,PLANILHA!$A:$J,4,) -> ADMINISTRATIVO | C8: =VLOOKUP(A8,PLANILHA!$A:$J,10,) -> 1114130.6 | D8: % | E8: 0.25 | F8: 0.25 | G8: 0.25 | H8: 0.25 | I8: =SUM(E8:H8) -> 1
D10: R$ | E10: =$C$8*E8 -> 278532.64 | F10: =$C$8*F8 -> 278532.64 | G10: =$C$8*G8 -> 278532.64 | H10: =$C$8*H8 -> 278532.64 | I10: =SUM(E10:H10) -> 1114130.6
A11: 2 | B11: =VLOOKUP(A11,PLANILHA!$A:$J,4,) -> IMPLANTAÇÃO | C11: =VLOOKUP(A11,PLANILHA!$A:$J,10,) -> 91913.37 | D11: % | E11: =1-H11 -> #REF! | H11: =PLANILHA!#REF! -> #REF! | I11: =SUM(E11:H11) -> #REF!
D13: R$ | E13: =$C$11*E11 -> #REF! | F13: =$C$11*F11 -> 0 | G13: =$C$11*G11 -> 0 | H13: =$C$11*H11 -> #REF! | I13: =SUM(E13:H13) -> #REF!
A14: 3 | B14: =VLOOKUP(A14,PLANILHA!$A:$J,4,) -> REMOÇÕES | C14: =VLOOKUP(A14,PLANILHA!$A:$J,10,) -> 118230.52 | D14: % | E14: 0.5 | H14: 0.5 | I14: =SUM(E14:H14) -> 1
D16: R$ | E16: =$C$14*E14 -> 59115.26 | F16: =$C$14*F14 -> 0 | G16: =$C$14*G14 -> 0 | H16: =$C$14*H14 -> 59115.26 | I16: =SUM(E16:H16) -> 118230.52
A17: 4 | B17: =VLOOKUP(A17,PLANILHA!$A:$J,4,) -> MOVIMENTAÇÃO DE TERRA | C17: =VLOOKUP(A17,PLANILHA!$A:$J,10,) -> 9509.77 | D17: % | I17: =SUM(E17:H17) -> 0
D19: R$ | E19: =$C$17*E17 -> 0 | F19: =$C$17*F17 -> 0 | G19: =$C$17*G17 -> 0 | H19: =$C$17*H17 -> 0 | I19: =SUM(E19:H19) -> 0
A20: 5 | B20: =VLOOKUP(A20,PLANILHA!$A:$J,4,) -> INFRAESTRUTURA E FUNDAÇÃO | C20: =VLOOKUP(A20,PLANILHA!$A:$J,10,) -> 56515.15 | D20: % | I20: =SUM(E20:H20) -> 0
D22: R$ | E22: =$C$20*E20 -> 0 | F22: =$C$20*F20 -> 0 | G22: =$C$20*G20 -> 0 | H22: =$C$20*H20 -> 0 | I22: =SUM(E22:H22) -> 0
A23: 6 | B23: =VLOOKUP(A23,PLANILHA!$A:$J,4,) -> PAREDES, PAINEIS, FECHAMENTOS E REVESTIMENTO | C23: =VLOOKUP(A23,PLANILHA!$A:$J,10,) -> 423648.33 | D23: % | F23: 0.05 | I23: =SUM(E23:H23) -> 0.05
D25: R$ | E25: =$C$23*E23 -> 0 | F25: =$C$23*F23 -> 21182.416 | G25: =$C$23*G23 -> 0 | H25: =$C$23*H23 -> 0 | I25: =SUM(E25:H25) -> 21182.416
A26: 7 | B26: =VLOOKUP(A26,PLANILHA!$A:$J,4,) -> TABUADOS, LAMBREQUINS, CORRIMÃO E ACESSÓRIOS DE MADEIRA INCLUINDO DECK E ELEVADOR | C26: =VLOOKUP(A26,PLANILHA!$A:$J,10,) -> 598062.83 | D26: % | I26: =SUM(E26:H26) -> 0
D28: R$ | E28: =$C$26*E26 -> 0 | F28: =$C$26*F26 -> 0 | G28: =$C$26*G26 -> 0 | H28: =$C$26*H26 -> 0 | I28: =SUM(E28:H28) -> 0
A29: 8 | B29: =VLOOKUP(A29,PLANILHA!$A:$J,4,) -> INSTALAÇÃO ELÉTRICA E ELETRÔNICA 127/220V | C29: =VLOOKUP(A29,PLANILHA!$A:$J,10,) -> 326319.58 | D29: % | I29: =SUM(E29:H29) -> 0
D31: R$ | E31: =$C$29*E29 -> 0 | F31: =$C$29*F29 -> 0 | G31: =$C$29*G29 -> 0 | H31: =$C$29*H29 -> 0 | I31: =SUM(E31:H31) -> 0
A32: 9 | B32: =VLOOKUP(A32,PLANILHA!$A:$J,4,) -> INSTALAÇÕES HIDRÁULICAS | C32: =VLOOKUP(A32,PLANILHA!$A:$J,10,) -> 94314.22 | D32: % | I32: =SUM(E32:H32) -> 0
D34: R$ | E34: =$C$32*E32 -> 0 | F34: =$C$32*F32 -> 0 | G34: =$C$32*G32 -> 0 | H34: =$C$32*H32 -> 0 | I34: =SUM(E34:H34) -> 0
A35: 10 | B35: =VLOOKUP(A35,PLANILHA!$A:$J,4,) -> PLATAFORMA | C35: =VLOOKUP(A35,PLANILHA!$A:$J,10,) -> 144206.11 | D35: % | I35: =SUM(E35:H35) -> 0
D37: R$ | E37: =$C$35*E35 -> 0 | F37: =$C$35*F35 -> 0 | G37: =$C$35*G35 -> 0 | H37: =$C$35*H35 -> 0 | I37: =SUM(E37:H37) -> 0
A38: 11 | B38: =VLOOKUP(A38,PLANILHA!$A:$J,4,) -> INSTALAÇÕES DE SEGURANÇA, PROTEÇÃO E COMBATE À INCÊNDIO | C38: =VLOOKUP(A38,PLANILHA!$A:$J,10,) -> 113328.28 | D38: % | H38: 1 | I38: =SUM(E38:H38) -> 1
D40: R$ | E40: =$C$38*E38 -> 0 | F40: =$C$38*F38 -> 0 | G40: =$C$38*G38 -> 0 | H40: =$C$38*H38 -> 113328.28 | I40: =SUM(E40:H40) -> 113328.28
B41: TOTAL GERAL DA PLANILHA | C41: =SUM(C8:C40) -> 3090178.7 | I41: =SUM(E41:H41) -> 0
B42: TOTAL MENSAL | D42: R$ | E42: =SUMIF($D$8:$D$40,$D$10,E8:E40) -> #REF! | F42: =SUMIF($D$8:$D$40,$D$10,F8:F40) -> 299715.05 | G42: =SUMIF($D$8:$D$40,$D$10,G8:G40) -> 278532.64 | H42: =SUMIF($D$8:$D$40,$D$10,H8:H40) -> #REF! | I42: =SUM(E42:H42) -> #REF!
B43: PERCENTUAL MENSAL | D43: % | E43: =E42/$C$41 -> #REF! | F43: =F42/$C$41 -> 0.096989554 | G43: =G42/$C$41 -> 0.090134799 | H43: =H42/$C$41 -> #REF! | I43: =I42/$C$41 -> #REF!
B44: TOTAL ACUMULADO | D44: R$ | E44: =E42 -> #REF! | F44: =E44+F42 -> #REF! | G44: =F44+G42 -> #REF! | H44: =G44+H42 -> #REF!
B45: PERCENTUAL ACUMULADO | D45: % | E45: =E44/$C$41 -> #REF! | F45: =F44/$C$41 -> #REF! | G45: =G44/$C$41 -> #REF! | H45: =H44/$C$41 -> #REF!

Sheet CPUS
A1: COMPOSIÇÕES DE PREÇOS UNITÁRIOS | F1: =PLANILHA!I4 -> ABRIL/2023 - SETOP (CENTRAL); JUNHO/2023 - SINAPI; ABRIL/2023 - SUDECAP; JULHO/2023 - SBC; MAIO/2023 - ORSE.
A2: Código | B2: Banco | C2: Descrição | D2: Und | E2: Quant. | F2: Valor Unit | G2: Total
A3: CPU-001 | C3: ADMINISTRAÇÃO LOCAL | D3: UND | E3: 1 | G3: =G9 -> 909717.12
A4: 90769 | B4: SINAPI | C4: ARQUITETO DE OBRA PLENO COM ENCARGOS COMPLEMENTARES | D4: H | E4: 3168 | F4: 85 | G4: =TRUNC(E4*F4,2) -> 269280
A5: 90779 | B5: SINAPI | C5: ENGENHEIRO CIVIL DE OBRA PLENO COM ENCARGOS COMPLEMENTARES | D5: H | E5: 3168 | F5: 85 | G5: =TRUNC(E5*F5,2) -> 269280
A6: 88326 | B6: SINAPI | C6: VIGIA NOTURNO COM ENCARGOS COMPLEMENTARES | D6: H | E6: 6480 | F6: 19.76 | G6: =TRUNC(E6*F6,2) -> 128044.8
A7: 90766 | B7: SINAPI | C7: ALMOXARIFE COM ENCARGOS COMPLEMENTARES | D7: H | E7: 3168 | F7: 21.74 | G7: =TRUNC(E7*F7,2) -> 68872.32
A8: 90776 | B8: SINAPI | C8: ENCARREGADO GERAL COM ENCARGOS COMPLEMENTARES | D8: H | E8: 3168 | F8: 55 | G8: =TRUNC(E8*F8,2) -> 174240
G9: =SUM(G4:G8) -> 909717.12
A11: Código | B11: Banco | C11: Descrição | D11: Und | E11: Quant. | F11: Valor Unit | G11: Total
A12: CPU-725 | C12: PLOTAGEM DE ADESIVO VINIL EM TAPUME - FORNECIMENTO E INSTALAÇÃO | D12: M2 | E12: 1 | G12: =G14 -> 150
A13: 11392 | B13: ORSE | C13: ADESIVO EM VINIL - FORNECIMENTO E APLICAÇÃO/M2 | D13: M2 | E13: 1.1 | F13: 136.37 | G13: =TRUNC(E13*F13,2) -> 150
G14: =SUM(G13:G13) -> 150
A16: Código | B16: Banco | C16: Descrição | D16: Und | E16: Quant. | F16: Valor Unit | G16: Total
A17: CPU-636 | C17: DEMOLIÇÃO CUIDADOSA DE REVESTIMENTO SOBRE PAREDE DE ADOBE, PAU A PIQUE E TIJOLO DE BARRO COZIDO | D17: M3 | E17: 1 | G17: =G20 -> 18.33
A18: 88309 | B18: SINAPI | C18: PEDREIRO COM ENCARGOS COMPLEMENTARES | D18: H | E18: 0.2 | F18: 27.45 | G18: =TRUNC(E18*F18,2) -> 5.49
A19: 88316 | B19: SINAPI | C19: SERVENTE COM ENCARGOS COMPLEMENTARES | D19: H | E19: 0.65 | F19: 19.76 | G19: =TRUNC(E19*F19,2) -> 12.84
G20: =SUM(G18:G19) -> 18.33
A22: Código | B22: Banco | C22: Descrição | D22: Und | E22: Quant. | F22: Valor Unit | G22: Total
A23: CPU-646 | C23: REMOÇÃO, LAVAGEM, ARMAZENAMENTO E RECOLOCÃO DE PISO EM PEDRA - ASSENTAMENTO RECUPERANDO O MOSAICO | D23: M2 | E23: 1 | G23: =G33 -> 332.66
A24: 88316 | B24: SINAPI | C24: SERVENTE COM ENCARGOS COMPLEMENTARES | D24: H | E24: 3 | F24: 19.76 | G24: =TRUNC(E24*F24,2) -> 59.28
A25: 88309 | B25: SINAPI | C25: PEDREIRO COM ENCARGOS COMPLEMENTARES | D25: H | E25: 2 | F25: 27.45 | G25: =TRUNC(E25*F25,2) -> 54.9
A26: 3072 | B26: ORSE | C26: RESTAURADOR NÍVEL SUPERIOR | D26: H | E26: 1 | F26: 74.75 | G26: =TRUNC(E26*F26,2) -> 74.75
A27: 11868 | B27: ORSE | C27: AUXILIAR DE ARQUEOLOGIA | D27: H | E27: 1 | F27: 12.72 | G27: =TRUNC(E27*F27,2) -> 12.72
A28: 11869 | B28: ORSE | C28: FOTÓGRAFO DE ARQUEOLOGIA | D28: H | E28: 1 | F28: 56.06 | G28: =TRUNC(E28*F28,2) -> 56.06
A29: 1106 | B29: SINAPI | C29: CAL HIDRATADA CH-I | D29: KG | E29: 8 | F29: 1.04 | G29: =TRUNC(E29*F29,2) -> 8.32
A30: ED-48302 | B30: SETOP | C30: ARGAMASSA TRAÇO 1:3 | D30: =IFERROR(VLOOKUP(A30,SINAPI!$A:$D,3,FALSE),IFERROR(VLOOKUP(A30,SETOP!$A:$E,4,FALSE),VLOOKUP(A30,SETOP!$B:$E,3,FALSE))) -> M3 | E30: 0.1 | F30: 628.19 | G30: =TRUNC(E30*F30,2) -> 62.81
A31: - | B31: MERCADO | C31: BICARBONATO DE AMÔNIO | D31: KG | E31: 0.1 | F31: 23.95 | G31: =TRUNC(E31*F31,2) -> 2.39
A32: - | B32: MERCADO | C32: BICARBONATO DE SÓDIO | D32: KG | E32: 0.1 | F32: 14.33 | G32: =TRUNC(E32*F32,2) -> 1.43
G33: =SUM(G24:G32) -> 332.66
A35: Código | B35: Banco | C35: Descrição | D35: Und | E35: Quant. | F35: Valor Unit | G35: Total
A36: CPU-658 | C36: DESMONTAGEM DE MURO EM PEDRA LAGARTIXA - REAPROVEITAMENTO MEDIANTE REMOÇÃO, LIMPEZA, ACONDICIONAMENTO E RECUPERAÇÃO POSTERIOR DO MOSAICO | D36: M2 | E36: 1 | G36: =G46 -> 302.01
A37: 88316 | B37: SINAPI | C37: SERVENTE COM ENCARGOS COMPLEMENTARES | D37: H | E37: 3 | F37: 19.76 | G37: =TRUNC(E37*F37,2) -> 59.28
A38: 88309 | B38: SINAPI | C38: PEDREIRO COM ENCARGOS COMPLEMENTARES | D38: H | E38: 2 | F38: 27.45 | G38: =TRUNC(E38*F38,2) -> 54.9
A39: 3072 | B39: ORSE | C39: RESTAURADOR NÍVEL SUPERIOR | D39: H | E39: 1 | F39: 74.75 | G39: =TRUNC(E39*F39,2) -> 74.75
A40: 11868 | B40: ORSE | C40: AUXILIAR DE ARQUEOLOGIA | D40: H | E40: 1 | F40: 12.72 | G40: =TRUNC(E40*F40,2) -> 12.72
A41: 11869 | B41: ORSE | C41: FOTÓGRAFO DE ARQUEOLOGIA | D41: H | E41: 1 | F41: 56.06 | G41: =TRUNC(E41*F41,2) -> 56.06
A42: 1106 | B42: SINAPI | C42: CAL HIDRATADA CH-I | D42: KG | E42: 6 | F42: 1.04 | G42: =TRUNC(E42*F42,2) -> 6.24
A43: ED-48302 | B43: SETOP | C43: ARGAMASSA TRAÇO 1:3 | D43: M3 | E43: 0.06 | F43: 628.19 | G43: =TRUNC(E43*F43,2) -> 37.69
A44: - | B44: MERCADO | C44: BICARBONATO DE AMÔNIO | D44: KG | E44: 0.01 | F44: 23.95 | G44: =TRUNC(E44*F44,2) -> 0.23
A45: - | B45: MERCADO | C45: BICARBONATO DE SÓDIO | D45: KG | E45: 0.01 | F45: 14.33 | G45: =TRUNC(E45*F45,2) -> 0.14
G46: =SUM(G37:G45) -> 302.01
A48: Código | B48: Banco | C48: Descrição | D48: Und | E48: Quant. | F48: Valor Unit | G48: Total
A49: CPU-638 | C49: DESMONTAGEM E RETIRADA DE PEÇAS DE MADEIRA PARA RESTAURO, ETIQUETAGEM, MAPEAMENTO DA POSIÇÃO E GUARDA SEGURA BEM ACONDICIONADAS (INCLUSO CADASTRO FOTOGRÁFICO DIGITAL) | D49: UND | E49: 1 | G49: =G58 -> 138.12
A50: 88316 | B50: SINAPI | C50: SERVENTE COM ENCARGOS COMPLEMENTARES | D50: H | E50: 1.5 | F50: 19.76 | G50: =TRUNC(E50*F50,2) -> 29.64
A51: 3072 | B51: ORSE | C51: RESTAURADOR NÍVEL SUPERIOR | D51: H | E51: =0.5 -> 0.5 | F51: 74.75 | G51: =TRUNC(E51*F51,2) -> 37.37
A52: 3076 | B52: ORSE | C52: ENTALHADOR DE RESTAURO | D52: H | E52: 0.5 | F52: 43.62 | G52: =TRUNC(E52*F52,2) -> 21.81
A53: 11869 | B53: ORSE | C53: FOTÓGRAFO DE ARQUEOLOGIA | D53: H | E53: 0.5 | F53: 56.06 | G53: =TRUNC(E53*F53,2) -> 28.03
A54: 11868 | B54: ORSE | C54: AUXILIAR DE ARQUEOLOGIA | D54: H | E54: 0.5 | F54: 12.72 | G54: =TRUNC(E54*F54,2) -> 6.36
A55: - | B55: MERCADO | C55: BICARBONATO DE AMÔNIO | D55: KG | E55: 0.01 | F55: 23.95 | G55: =TRUNC(E55*F55,2) -> 0.23
A56: - | B56: MERCADO | C56: BICARBONATO DE SÓDIO | D56: KG | E56: 0.01 | F56: 14.33 | G56: =TRUNC(E56*F56,2) -> 0.14
A57: 3092 | B57: ORSE | C57: ALCOOL | D57: GALÃO | E57: 0.5 | F57: 29.09 | G57: =TRUNC(E57*F57,2) -> 14.54
G58: =SUM(G50:G57) -> 138.12
A60: Código | B60: Banco | C60: Descrição | D60: Und | E60: Quant. | F60: Valor Unit | G60: Total
A61: CPU-728 | C61: DESMONTE DE PISO EM PEDRA DA ESCADA DA FACHADA FRONTAL- LIMPEZA, ACONDICIONAMENTO, RECUPERAÇÃO E POSTERIOR REMONTAGEM DO MOSAICO | D61: M2 | E61: 1 | G61: =G71 -> 596.5
A62: 88316 | B62: SINAPI | C62: SERVENTE COM ENCARGOS COMPLEMENTARES | D62: H | E62: 3 | F62: 19.76 | G62: =TRUNC(E62*F62,2) -> 59.28
A63: 88309 | B63: SINAPI | C63: PEDREIRO COM ENCARGOS COMPLEMENTARES | D63: H | E63: 3 | F63: 27.45 | G63: =TRUNC(E63*F63,2) -> 82.35
A64: 3072 | B64: ORSE | C64: RESTAURADOR NÍVEL SUPERIOR | D64: H | E64: 2 | F64: 74.75 | G64: =TRUNC(E64*F64,2) -> 149.5
A65: 11868 | B65: ORSE | C65: AUXILIAR DE ARQUEOLOGIA | D65: H | E65: 2 | F65: 12.72 | G65: =TRUNC(E65*F65,2) -> 25.44
A66: 11869 | B66: ORSE | C66: FOTÓGRAFO DE ARQUEOLOGIA | D66: H | E66: 2 | F66: 56.06 | G66: =TRUNC(E66*F66,2) -> 112.12
A67: 1106 | B67: SINAPI | C67: CAL HIDRATADA CH-I | D67: KG | E67: 10 | F67: 1.04 | G67: =TRUNC(E67*F67,2) -> 10.4
A68: ED-48302 | B68: SETOP | C68: ARGAMASSA TRAÇO 1:3 | D68: M3 | E68: 0.25 | F68: 628.19 | G68: =TRUNC(E68*F68,2) -> 157.04
A69: - | B69: MERCADO | C69: BICARBONATO DE AMÔNIO | D69: KG | E69: 0.01 | F69: 23.95 | G69: =TRUNC(E69*F69,2) -> 0.23
A70: - | B70: MERCADO | C70: BICARBONATO DE SÓDIO | D70: KG | E70: 0.01 | F70: 14.33 | G70: =TRUNC(E70*F70,2) -> 0.14
G71: =SUM(G62:G70) -> 596.5
A73: Código | B73: Banco | C73: Descrição | D73: Und | E73: Quant. | F73: Valor Unit | G73: Total
A74: CPU-643 | C74: DEMOLIÇÃO DO MURO EM PEDRA LAGARTIXA E ACONDICIONAMENTO DAS PEÇAS PARA APROVEITAMENTO | D74: M2 | E74: 1 | G74: =G80 -> 159.99
A75: 88316 | B75: SINAPI | C75: SERVENTE COM ENCARGOS COMPLEMENTARES | D75: H | E75: 2.5 | F75: 19.76 | G75: =TRUNC(E75*F75,2) -> 49.4
A76: 88309 | B76: SINAPI | C76: PEDREIRO COM ENCARGOS COMPLEMENTARES | D76: H | E76: 2 | F76: 27.45 | G76: =TRUNC(E76*F76,2) -> 54.9
A77: 3072 | B77: ORSE | C77: RESTAURADOR NÍVEL SUPERIOR | D77: H | E77: 0.5 | F77: 74.75 | G77: =TRUNC(E77*F77,2) -> 37.37
A78: 11868 | B78: ORSE | C78: AUXILIAR DE ARQUEOLOGIA | D78: H | E78: 1 | F78: 12.72 | G78: =TRUNC(E78*F78,2) -> 12.72
A79: 11869 | B79: ORSE | C79: FOTÓGRAFO DE ARQUEOLOGIA | D79: H | E79: 0.1 | F79: 56.06 | G79: =TRUNC(E79*F79,2) -> 5.6
G80: =SUM(G75:G79) -> 159.99
A82: Código | B82: Banco | C82: Descrição | D82: Und | E82: Quant. | F82: Valor Unit | G82: Total
A83: CPU-647 | C83: EXECUÇÃO DE MURETA H=60 CM DE PEDREGULHO COM EMBRECHAMENTO E EXECUÇÃO DE CAIXA PARA FUNDAÇÃO PARA INSTALAÇÃO DE DORMENTES (MURO DE DIVISA PRAÇA) | D83: M | E83: 1 | G83: =G92 -> 446.3
A84: 11082 | B84: SINAPI | C84: MATERIAL FILTRANTE (PEDREGULHO) | D84: =IFERROR(VLOOKUP(A84,SINAPI!$A:$D,3,FALSE),IFERROR(VLOOKUP(A84,SETOP!$A:$E,4,FALSE),VLOOKUP(A84,SETOP!$B:$E,3,FALSE))) -> M3 | E84: 0.13 | F84: 2279.11 | G84: =TRUNC(E84*F84,2) -> 296.28
A85: ED-48298 | B85: SETOP | C85: CORTE, DOBRA E MONTAGEM DE AÇO CA-50/60 | D85: =IFERROR(VLOOKUP(A85,SINAPI!$A:$D,3,FALSE),IFERROR(VLOOKUP(A85,SETOP!$A:$E,4,FALSE),VLOOKUP(A85,SETOP!$B:$E,3,FALSE))) -> KG | E85: 5.8 | F85: 13.18 | G85: =TRUNC(E85*F85,2) -> 76.44
A86: ED-51107 | B86: SETOP | C86: ESCAVAÇÃO MANUAL DE VALAS ATÉ 1,50M | D86: =IFERROR(VLOOKUP(A86,SINAPI!$A:$D,3,FALSE),IFERROR(VLOOKUP(A86,SETOP!$A:$E,4,FALSE),VLOOKUP(A86,SETOP!$B:$E,3,FALSE))) -> M3 | E86: 0.11 | F86: 67.39 | G86: =TRUNC(E86*F86,2) -> 7.41
A87: ED-49810 | B87: SETOP | C87: FORMA E DESFORMA | D87: =IFERROR(VLOOKUP(A87,SINAPI!$A:$D,3,FALSE),IFERROR(VLOOKUP(A87,SETOP!$A:$E,4,FALSE),VLOOKUP(A87,SETOP!$B:$E,3,FALSE))) -> M2 | E87: 0.6 | F87: 60.87 | G87: =TRUNC(E87*F87,2) -> 36.52
A88: ED-49618 | B88: SETOP | C88: FORNECIMENTO DE CONCRETO ESTRUTURAL 20MPA | D88: =IFERROR(VLOOKUP(A88,SINAPI!$A:$D,3,FALSE),IFERROR(VLOOKUP(A88,SETOP!$A:$E,4,FALSE),VLOOKUP(A88,SETOP!$B:$E,3,FALSE))) -> M3 | E88: 0.02 | F88: 704.77 | G88: =TRUNC(E88*F88,2) -> 14.09
A89: ED-49784 | B89: SETOP | C89: FORNECIMENTO DE CONCRETO NÃO ESTRUTURAL | D89: =IFERROR(VLOOKUP(A89,SINAPI!$A:$D,3,FALSE),IFERROR(VLOOKUP(A89,SETOP!$A:$E,4,FALSE),VLOOKUP(A89,SETOP!$B:$E,3,FALSE))) -> M3 | E89: 0.011 | F89: 643.44 | G89: =TRUNC(E89*F89,2) -> 7.07
A90: ED-50381 | B90: SETOP | C90: PEDREIRO COM ENCARGOS COMPLEMENTARES | D90: =IFERROR(VLOOKUP(A90,SINAPI!$A:$D,3,FALSE),IFERROR(VLOOKUP(A90,SETOP!$A:$E,4,FALSE),VLOOKUP(A90,SETOP!$B:$E,3,FALSE))) -> HORA | E90: 0.18 | F90: 27.45 | G90: =TRUNC(E90*F90,2) -> 4.94
A91: ED-50367 | B91: SETOP | C91: SERVENTE COM ENCARGOS COMPLEMENTARES | D91: =IFERROR(VLOOKUP(A91,SINAPI!$A:$D,3,FALSE),IFERROR(VLOOKUP(A91,SETOP!$A:$E,4,FALSE),VLOOKUP(A91,SETOP!$B:$E,3,FALSE))) -> HORA | E91: 0.18 | F91: 19.76 | G91: =TRUNC(E91*F91,2) -> 3.55
G92: =SUM(G84:G91) -> 446.3
A94: Código | B94: Banco | C94: Descrição | D94: Und | E94: Quant. | F94: Valor Unit | G94: Total
A95: CPU-644 | C95: PAREDE DE PAU-A-PIQUE FABRICADA, INCLUSO TRAMA | D95: M2 | E95: 1 | G95: =G101 -> 484.5
A96: 88309 | B96: SINAPI | C96: PEDREIRO COM ENCARGOS COMPLEMENTARES | D96: H | E96: 3.5 | F96: 27.45 | G96: =TRUNC(E96*F96,2) -> 96.07
A97: 88316 | B97: SINAPI | C97: SERVENTE COM ENCARGOS COMPLEMENTARES | D97: H | E97: 3.5 | F97: 19.76 | G97: =TRUNC(E97*F97,2) -> 69.16
A98: 12529 | B98: ORSE | C98: RESTAURADOR NÍVEL MÉDIO | D98: H | E98: 1.5 | F98: 37.38 | G98: =TRUNC(E98*F98,2) -> 56.07
A99: 1106 | B99: SINAPI | C99: CAL HIDRATADA CH-I | D99: KG | E99: 5 | F99: 1.04 | G99: =TRUNC(E99*F99,2) -> 5.2
A100: CPU-648 | B100: - | C100: =C139 -> TRAMA DE PAU A PIQUE SEM BARRO - FORNECIMENTO E INSTALAÇÃO | D100: M2 | E100: 1 | F100: =G146 -> 258 | G100: =TRUNC(E100*F100,2) -> 258
G101: =SUM(G96:G100) -> 484.5
A103: Código | B103: Banco | C103: Descrição | D103: Und | E103: Quant. | F103: Valor Unit | G103: Total
A104: CPU-645 | C104: PAREDE DE ADOBE FABRICADO COM ARGILA E ESTRUME DE GADO | D104: M2 | E104: 1 | G104: =G109 -> 401.3
A105: 88309 | B105: SINAPI | C105: PEDREIRO COM ENCARGOS COMPLEMENTARES | D105: H | E105: 3.5 | F105: 27.45 | G105: =TRUNC(E105*F105,2) -> 96.07
A106: 88316 | B106: SINAPI | C106: SERVENTE COM ENCARGOS COMPLEMENTARES | D106: H | E106: 3.5 | F106: 19.76 | G106: =TRUNC(E106*F106,2) -> 69.16
A107: 12529 | B107: ORSE | C107: RESTAURADOR NÍVEL MÉDIO | D107: H | E107: 1.5 | F107: 37.38 | G107: =TRUNC(E107*F107,2) -> 56.07
A108: - | B108: MERCADO | C108: ADOBE FABRICADO COM ARGILA E TIRAS DE MATO | D108: UND | E108: 30 | F108: 6 | G108: =TRUNC(E108*F108,2) -> 180
G109: =SUM(G105:G108) -> 401.3
A111: Código | B111: Banco | C111: Descrição | D111: Und | E111: Quant. | F111: Valor Unit | G111: Total
...

Sheet SICRO
A1: 307731 | B1: APARELHO DE APOIO DE NEOPRENE FRETADO PARA ESTRUTURAS MOLDADAS NO LOCAL - FORNECIMENTO E INSTALAÇÃO | C1: DM³ | D1: 108.58
A2: 307732 | B2: APARELHO DE APOIO DE NEOPRENE FRETADO PARA ESTRUTURAS PRÉ-MOLDADAS - FORNECIMENTO E INSTALAÇÃO | C2: DM³ | D2: 86.8
A3: 308308 | B3: APARELHO DE APOIO METÁLICO ELASTOMÉRICO FIXO COM CAPACIDADE DE 1.500 KN - FORNECIMENTO E INSTALAÇÃO | C3: UN | D3: 14203.08
A4: 308313 | B4: APARELHO DE APOIO METÁLICO ELASTOMÉRICO FIXO COM CAPACIDADE DE 10.000 KN - FORNECIMENTO E INSTALAÇÃO | C4: UN | D4: 93036.49
A5: 308309 | B5: APARELHO DE APOIO METÁLICO ELASTOMÉRICO FIXO COM CAPACIDADE DE 2.500 KN - FORNECIMENTO E INSTALAÇÃO | C5: UN | D5: 23199.45
A6: 308310 | B6: APARELHO DE APOIO METÁLICO ELASTOMÉRICO FIXO COM CAPACIDADE DE 4.000 KN - FORNECIMENTO E INSTALAÇÃO | C6: UN | D6: 37369.57
A7: 308311 | B7: APARELHO DE APOIO METÁLICO ELASTOMÉRICO FIXO COM CAPACIDADE DE 5.500 KN - FORNECIMENTO E INSTALAÇÃO | C7: UN | D7: 50148.44
A8: 308312 | B8: APARELHO DE APOIO METÁLICO ELASTOMÉRICO FIXO COM CAPACIDADE DE 7.500 KN - FORNECIMENTO E INSTALAÇÃO | C8: UN | D8: 68789.87
A9: 308307 | B9: APARELHO DE APOIO METÁLICO ELASTOMÉRICO FIXO COM CAPACIDADE DE 700 KN - FORNECIMENTO E INSTALAÇÃO | C9: UN | D9: 9506.44
A10: 308322 | B10: APARELHO DE APOIO METÁLICO ELASTOMÉRICO MULTIDIRECIONAL COM CAPACIDADE DE 1.500 KN - FORNECIMENTO E INSTALAÇÃO | C10: UN | D10: 8606.2
A11: 308327 | B11: APARELHO DE APOIO METÁLICO ELASTOMÉRICO MULTIDIRECIONAL COM CAPACIDADE DE 10.000 KN - FORNECIMENTO E INSTALAÇÃO | C11: UN | D11: 55948.58
A12: 308323 | B12: APARELHO DE APOIO METÁLICO ELASTOMÉRICO MULTIDIRECIONAL COM CAPACIDADE DE 2.500 KN - FORNECIMENTO E INSTALAÇÃO | C12: UN | D12: 11957.57
... A6351: 7119700 | B6351: TRATAMENTO SUPERFICIAL E PINTURA DAS OBRAS VIVAS E MORTAS EXTERNAS DO FLUTUANTE (FUNDO, COSTADOS E ESPELHOS DE PROA E POPA) | C6351: M² | D6351: 53.45

Sheet SUDECAP
A1: 1 | B1: INSTALAÇAO DA OBRA
A2: 01.01 | B2: ESCRITORIO DE OBRA
A3: 01.01.07 | B3: ESCRITORIO DA FISCALIZAÇAO TIPO I | C3: UN | D3: 8527.48
A4: 01.01.09 | B4: ESCRITORIO DE FISCALIZAÇAO TIPO II | C4: UN | D4: 10051.91
A5: 01.01.12 | B5: ESCRITORIO DA EMPREITEIRA TIPO II | C5: UN | D5: 9738.02
A6: 01.02 | B6: BARRACAO DE OBRA
A7: 01.02.06 | B7: VESTIARIO TIPO I | C7: UN | D7: 6868.28
A8: 01.02.07 | B8: VESTIARIO TIPO II | C8: UN | D8: 13843.28
A9: 01.02.08 | B9: VESTIARIO TIPO III | C9: UN | D9: 18378.78
A10: 01.02.11 | B10: AREA COBERTA EM TELHA ONDULADA DE FIBROCIMENTO 4MM | C10: M2 | D10: 84.59
A11: 01.02.12 | B11: DEPOSITO E FERRAMENTARIA TIPO I | C11: UN | D11: 5731.39
A12: 01.02.13 | B12: DEPOSITO E FERRAMENTARIA TIPO II | C12: UN | D12: 8750.24
A13: 01.02.14 | B13: DEPOSITO E FERRAMENTARIA TIPO III | C13: UN | D13: 11823.94
A14: 01.02.15 | B14: DEPOSITO DE MATERIAIS ENSACADOS | C14: UN | D14: 4106.47
A15: 01.02.20 | B15: INSTALAÇAO SANITARIA TIPO I | C15: UN | D15: 7015.59
A16: 01.02.21 | B16: INSTALAÇAO SANITARIA TIPO II | C16: UN | D16: 8668.09
A17: 01.02.22 | B17: INSTALAÇAO SANITARIA TIPO III | C17: UN | D17: 12324.11
A18: 01.02.25 | B18: REFEITORIO TIPO I | C18: UN | D18: 5570.63
A19: 01.02.26 | B19: REFEITORIO TIPO II | C19: UN | D19: 6297.96
A20: 01.03 | B20: PLACA DE OBRA AFIXADA COM PEÇAS DE MADEIRA
A21: 01.03.01 | B21: 3,00 X 2,00 M EM LONA IMPRESSAO DIGITAL P.SUDECAP | C21: UN | D21: 1636
A22: 01.03.02 | B22: PLACA DE OBRA EM LONA IMPRESSAO DIGITAL P. SUDECAP | C22: M2 | D22: 213.65
A23: 01.03.03 | B23: PLACA DE OBRA EM CHAPA GALVANIZADA ADESIVADA, DIMENSÕES 2,40 X 1,20 M, PADRÃO CEF | C23: M2 | D23: 277.07
A24: 01.04 | B24: TAPUME PADRAO SUDECAP (TIPO I, II E III)
A25: 01.04.01 | B25: COMPENSADO 10MM FIXAÇAO ENTERRADA COM INFORME PBH | C25: M | D25: 111.18
A26: 01.04.02 | B26: COMPENSADO 10MM FIXAÇAO ENTERRADA SEM INFORME PBH | C26: M | D26: 111.18
A27: 01.04.03 | B27: COMPENSADO 10MM COM BASE DE CONCRETO C/INFORME PBH | C27: M | D27: 114.39
A28: 01.04.04 | B28: COMPENSADO 10MM COM BASE DE CONCRETO S/INFORME PBH | C28: M | D28: 114.39
A29: 01.04.05 | B29: INFORME PUBLIC.LONA IMP.DIGITAL APLICADO EM TAPUME | C29: M2 | D29: 60.73
A30: 01.04.06 | B30: DE TELA GALVANIZADA #2" FIO 14 C/FIXAÇAO ENTERRADA | C30: M | D30: 61.08
A31: 01.04.07 | B31: DE TELA GALVANIZADA #2" FIO 14 C/BASE DE CONCRETO | C31: M | D31: 66.17
A32: 01.04.09 | B32: TELA-TAPUME DE POLIPROPILENO H= 1,20 M, INCL. BASE | C32: M | D32: 11.86
A33: 01.04.10 | B33: PROTEÇAO COM FITA ZEBRADA AMARELA L=7CM E PEÇA 7X7 | C33: M | D33: 8.33
A34: 01.04.11 | B34: FITA ZEBRADA AMARELA PARA SINALIZAÇAO L= 7CM | C34: M | D34: 3.33
A35: 01.04.16 | B35: TAPUME METÁLICO COM BASE DE CONCRETO (M) | C35: M | D35: 117.09
A36: 01.04.17 | B36: TAPUME METÁLICO COM BASE ENTERRADA (M) | C36: M | D36: 103.55
... A39: 01.04.20 | B39: REMANEJAMENTO DE TAPUME | C39: M | D39: 8.56
A40: 01.05 | B40: CERCA PADRAO SUDECAP
A41: 01.05.05 | B41: TIPO 1 - PECA 8X8 CADA 2,00M E 5 FIOS ARAME GALVANIZADO | C41: M | D41: 20.13
A42: 01.06 | B42: INSTALAÇAO PROVISORIA - CONCESSIONARIA
A43: 01.06.01 | B43: PADRÃO CEMIG PROVISÓRIO TIPO C3, DEMANDA PROVÁVEL DE 23,1 ATÉ 27,0KW (3F+N) | C43: UN | D43: 696.64
A44: 01.06.05 | B44: PADRAO COPASA - KIT CAVALTE METAL E REGISTRO 3/4" | C44: UN | D44: 476.93
A45: 01.07 | B45: FOSSA E SUMIDOURO
A46: 01.07.02 | B46: FOSSA SEPTICA E SUMIDOURO DN=1,20M H=4,00M | C46: UN | D46: 663.96
A47: 01.08 | B47: REDE INTERNA E PROVISORIA DE AGUA E ESGOTO
A48: 01.08.01 | B48: TUBO PVC D= 100 MM | C48: M | D48: 23.58
A49: 01.08.02 | B49: TUBO PVC D= 150 MM | C49: M | D49: 51.66
A50: 01.08.03 | B50: TUBO PVC D= 200 MM | C50: M | D50: 103.36
A51: 01.08.04 | B51: TUBO PVC D= 250 MM | C51: M | D51: 136.36
A52: 01.08.20 | B52: TUBO PVC AGUA SOLDA E CONEXOES D=20MM (1/2") | C52: M | D52: 7.22
A53: 01.08.21 | B53: TUBO PVC AGUA SOLDA E CONEXOES D=25MM (3/4") | C53: M | D53: 7.98
A54: 01.09 | B54: CONTAINER 6,0X2,30X2,82 M COM ISOLAMENTO TERMICO
A55: 01.09.01 | B55: MOBILIZACAO DE CONTAINER | C55: UN | D55: 1200
A56: 01.09.02 | B56: ESCRITORIO COM AR CONDICIONADO | C56: MES | D56: 900
A57: 01.09.03 | B57: ESCRITORIO COM AR CONDICIONADO E SANITARIO | C57: MES | D57: 1040
A58: 01.09.05 | B58: VESTIARIO COM 7 CHUVEIROS E 2 LAVATORIOS | C58: MES | D58: 1700
A59: 01.09.06 | B59: VESTIARIO BOX 7 SANIT. 2 LAVAT. 1 MICTORIO | C59: MES | D59: 1700
A60: 01.09.07 | B60: VESTIARIO 4 CHUV. 3 SANIT. 1LAVAT. 1 MICT. | C60: MES | D60: 1700
A61: 01.09.08 | B61: VESTIARIO | C61: MES | D61: 650
A62: 01.09.09 | B62: REFEITORIO | C62: MES | D62: 650
A63: 01.09.10 | B63: DEPOSITO E FERRAMENTARIA COM LAVATORIO | C63: MES | D63: 1400
A64: 01.09.11 | B64: DESMOBILIZAÇÃO DE CONTAINER | C64: UN | D64: 1200
A65: 01.09.12 | B65: INSTALAÇÕES PARA CONTAINERS TIPO ESCRITORIO | C65: UN | D65: 820.45
A66: 01.09.13 | B66: INSTALAÇÕES PARA CONTAINER VESTIARIO COM BANCO E ARMÁRIO | C66: UN | D66: 217.17
... A69: 01.09.16 | B69: CAIXA DÁGUA DE 1000L PARA ABASTECIMENTO DE CONTAINERS | C69: UN | D69: 274.18
A70: 01.10 | B70: BANHEIRO QUIMICO
A71: 01.10.01 | B71: BANHEIRO QUIMICO 110X120X230CM COM MANUTENCAO | C71: MES | D71: 680
A72: 01.10.02 | B72: BANHEIRO QUÍMICO E REBOQUE PARA TRANSPORTE DE BANHEIRO QUÍMICO | C72: MES | D72: 1022.23
A73: 01.11 | B73: SINALIZAÇAO
A74: 01.11.01 | B74: PLACA 1,0X0,60M DUPLA FACE CH.GALV. 26 EM CAVALETE | C74: UNMES | D74: 15.37
A75: 01.11.02 | B75: PLACA 1,0X0,60M CH.26 EM CAVALETE METALON 20X20MM | C75: UNMES | D75: 14.17
A76: 01.11.03 | B76: PLACA 0,50X0,50M DUPLA FACE CH.GALV.22 EM CAVALETE | C76: UNMES | D76: 11.37
A77: 01.11.04 | B77: PLACA 0,50X0,50M CH.GALV.22 CAVALETE METALON 20X20 | C77: UNMES | D77: 10.37
A78: 01.11.05 | B78: FAIXA 6,0X0,80M TECIDO MORIM SUPORTE EM EUCALIPTO | C78: UN | D78: 120.01
A79: 01.11.06 | B79: CONE MASTER 75CM BASE DE BORRACHA CORPO POLIETILEN | C79: UN | D79: 82.68
A80: 01.11.07 | B80: CONE EM PVC H= 75 CM | C80: UN | D80: 40.68
A81: 01.11.08 | B81: SINALIZADOR ELET.MONOLIGHT LED 60 A 70 FLASHES/MIN | C81: UN | D81: 147.08
A82: 01.12 | B82: VISTORIA CAUTELAR
A83: 01.12.01 | B83: VISTORIA CAUTELAR - ÁREA CONSTRUÍDA <= 100M2 | C83: UN | D83: 335.41
A84: 01.12.02 | B84: VISTORIA CAUTELAR - 101M2 < ÁREA CONSTRUÍDA <= 200M2 | C84: UN | D84: 422.27
A85: 01.12.03 | B85: VISTORIA CAUTELAR - 201M2 < ÁREA CONSTRUÍDA <= 500M2 | C85: UN | D85: 561.49
A86: 01.12.04 | B86: VISTORIA CAUTELAR - 501M2 < ÁREA CONSTRUÍDA <= 2000M2 | C86: UN | D86: 816.62
A87: 01.12.05 | B87: VISTORIA CAUTELAR - 2001M2 < ÁREA CONSTRUÍDA <= 7000M2 | C87: UN | D87: 1366.8
A88: 01.12.06 | B88: VISTORIA CAUTELAR - ÁREA CONSTRUÍDA > 7001M2 | C88: UN | D88: 1921.47
A89: 01.17 | B89: LOCAÇAO DE OBRA
A90: 01.17.01 | B90: GABARITO | C90: M | D90: 36.14
A91: 01.29 | B91: ANDAIME FACHADEIRO
A92: 01.29.01 | B92: ANDAIME FACHADEIRO INCLUSIVE FORRO METALICO | C92: M2MES | D92: 11
A93: 01.29.02 | B93: GUARDA CORPO MADEIRA L= 15 CM P/ ANDAIME FACHADEIRO | C93: M2 | D93: 10.82
A94: 01.29.03 | B94: MONTAGEM DE ANDAIME FACHADEIRO | C94: M2 | D94: 2.17
A95: 01.29.04 | B95: DESMONTAGEM DE ANDAIME FACHADEIRO | C95: M2 | D95: 2.17
A96: 01.30 | B96: MONTAGEM E DESMONTAGEM DE ANDAIME
A97: 01.30.02 | B97: ANDAIME INTERNO P/EXEC. DE ALVENARIA ALT. ATE 3,5M | C97: M2 | D97: 17.62
A98: 01.30.03 | B98: ANDAIME INTERNO DE MADEIRA P/ REVESTIMENTO DE TETO | C98: M2 | D98: 19.45
A99: 2 | B99: DEMOLIÇOES E REMOÇOES
A100: 02.01 | B100: REMOÇAO DE TELHA INCLUSIVE EMPILHAMENTO
A101: 02.01.01 | B101: METALICA OU PVC | C101: M2 | D101: 4.81
A102: 02.01.03 | B102: TIPO CALHA DE FIBROCIMENTO | C102: M2 | D102: 11.54
A103: 02.01.05 | B103: ONDULADA DE FIBROCIMENTO | C103: M2 | D103: 9.62
A104: 02.01.07 | B104: CERAMICA COLONIAL OU FRANCESA | C104: M2 | D104: 11.54
...

Sheet MEMÓRIA

Sheet SETOP
A1: ED-50394 | C1: MOBILIZAÇÃO E DESMOBILIZAÇÃO DE OBRA EM CENTRO URBANO OU REGIÃO LIMÍTROFE COM VALOR ACIMA DE 3.000.000,01 | D1: % | E1: 0.2
A2: ED-50392 | C2: MOBILIZAÇÃO E DESMOBILIZAÇÃO DE OBRA EM CENTRO URBANO OU REGIÃO LIMÍTROFE COM VALOR ATÉ O VALOR DE 1.000.000,00 | D2: % | E2: 0.5
A3: ED-50393 | C3: MOBILIZAÇÃO E DESMOBILIZAÇÃO DE OBRA EM CENTRO URBANO OU REGIÃO LIMÍTROFE COM VALOR ENTRE 1.000.000,01 E 3.000.000,00 | D3: % | E3: 0.3
A4: ED-50391 | C4: MOBILIZAÇÃO E DESMOBILIZAÇÃO OBRA DISTANTE DE CENTRO URBANO COM ACIMA DE 3.000.000,01 | D4: % | E4: 1
A5: ED-50390 | C5: MOBILIZAÇÃO E DESMOBILIZAÇÃO OBRA DISTANTE DE CENTRO URBANO COM ENTRE 1.000.000,01 E 3.000.000,00 | D5: % | E5: 1.5
A6: ED-50389 | C6: MOBILIZAÇÃO E DESMOBILIZAÇÃO OBRA DISTANTE DE CENTRO URBANO COM VALOR ATÉ O VALOR DE 1.000.000,00 | D6: % | E6: 2
A7: ED-50701 | C7: CAPINA MANUAL DO TERRENO, EXCLUSIVE RASTELAMENTO E QUEIMA | D7: M2 | E7: 1.31
A8: ED-28163 | C8: DESTOCAMENTO E AFASTAMENTO DE REMANESCENTE ARBÓREO, INCLUSIVE TRANSPORTE E RETIRADA DO MATERIAL ESCAVADO (EM CAÇAMBA) | D8: UN | E8: 403.61
A9: ED-50703 | C9: LIMPEZA DE TERRENO, INCLUSIVE CAPINA, RASTELAMENTO COM AFASTAMENTO ATÉ VINTE (20) METROS E QUEIMA CONTROLADA | D9: M2 | E9: 2.32
A10: ED-8143 | C10: RASTELAMENTO DE ÁREA COM AFASTAMENTO DE ATÉ VINTE (20) METROS, EXCLUSIVE CAPINA OU ROÇADA MANUAL | D10: M2 | E10: 0.87
A11: ED-28162 | C11: ROÇADA MANUAL DE TERRENO COM ROÇADEIRA COSTAL, EXCLUSIVE RASTELAMENTO E QUEIMA | D11: M2 | E11: 0.19
A12: ED-50702 | C12: DESMATAMENTO, DESTOCAMENTO E LIMPEZA, INCLUSIVE TRANSPORTE ATÉ CINQUENTA (50) METROS | D12: M2 | E12: 0.51
... A384: ED-50250 | C384: LAJE PRÉ-MOLDADA UNIDIRECIONAL COM LAJOTA CERÂMICA, CAPEAMENTO DE 4CM, SOBRECARGA DE 300KG/M2, ALTURA TOTAL DE 11CM E VÃO LIVRE MÁXIMO DE 5M, INCLUSIVE CONCRETO ESTRUTURAL, USINADO BOMBEADO COM FCK DE 20MPA, EXCLUSIVE TELA ARMADA E CIMBRAMENTO | D384: M2 | E384: 191.47
A385: 8753 | C385: ESCORAMENTO
A386: ED-19637 | C386: CIMBRAMENTO PARA LAJE PRÉ-MOLDADA COM ESCORAMENTO METÁLICO, TIPO "A", ALTURA DE (200 ATÉ 310)CM, INCLUSIVE DESCARGA, MONTAGEM, DESMONTAGEM E CARGA | D386: M2XMÊS | E386: 17.53
A387: ED-19638 | C387: CIMBRAMENTO PARA LAJE PRÉ-MOLDADA COM ESCORAMENTO METÁLICO, TIPO "B", ALTURA DE (311 ATÉ 450)CM, INCLUSIVE DESCARGA, MONTAGEM, DESMONTAGEM E CARGA | D387: M2XMÊS | E387: 18.11
A388: ED-19633 | C388: ESCORAMENTO METÁLICO PARA LAJE E VIGA EM CONCRETO ARMADO, TIPO "A", ALTURA DE (200 ATÉ 310)CM, INCLUSIVE DESCARGA, MONTAGEM, DESMONTAGEM E CARGA | D388: M2XMÊS | E388: 14.03
A389: ED-19634 | C389: ESCORAMENTO METÁLICO PARA LAJE E VIGA EM CONCRETO ARMADO, TIPO "B", ALTURA DE (311 ATÉ 450)CM, INCLUSIVE DESCARGA, MONTAGEM, DESMONTAGEM E CARGA | D389: M2XMÊS | E389: 14.74
A390: ED-19635 | C390: ESCORAMENTO METÁLICO PARA VIGA EM CONCRETO ARMADO, TIPO "A", ALTURA DE (200 ATÉ 310)CM, EXCLUSIVE DESCARGA, MONTAGEM, DESMONTAGEM E CARGA | D390: M2XMÊS | E390: 11.72
A391: ED-50619 | C391: POLIMENTO MECANIZADO DE SUPERFÍCIE EM CONCRETO, INCLUSIVE ACABAMENTO DE CONCRETAGEM EM NIVELAMENTO A LASER (NÍVEL ZERO) | D391: M2 | E391: 13.15
A392: ED-29621 | C392: APLICAÇÃO DE GRAUTE COM ARGAMASSA DE CIMENTO, CAL HIDRATADA, AREIA E BRITA, TRAÇO (1:0,1:3:2), INCLUSIVE PREPARO MECANIZADO, TRANSPORTE E LANÇAMENTO | D392: M3 | E392: 669.45
A393: ED-49662 | C393: APLICAÇÃO DE GRAUTE FLUIDO INDUSTRIALIZADO, PARA ANCORAGENS E/OU RECUPERAÇÃO EM PEÇAS ESTRUTURAIS E USO EM GERAL, INCLUSIVE PREPARO EM BETONEIRA E LANÇAMENTO | D393: M3 | E393: 2922.22
A394: ED-49655 | C394: ANCORAGEM DE BARRAS DE AÇO COM CHUMBADOR QUÍMICO À BASE DE RESINA POLIÉSTER, EXCLUSIVE FORNECIMENTO DE BARRA | D394: DM3 | E394: 395.67
A395: ED-49660 | C395: ESCARIFICAÇÃO MANUAL EM PEÇA DE CONCRETO, COM PROFUNDIDADE MÁXIMA DE ATÉ 3CM, INCLUSIVE LIMPEZA DA SEÇÃO ESCARIFICADA, TRANSPORTE E RETIRADA DO MATERIAL DEMOLIDO, EXCLUSIVE RECOMPOSIÇÃO EM ARGAMASSA OU CONCRETO | D395: M2 | E395: 169.89
A396: ED-49656 | C396: LIXAMENTO MECANIZADO DA ARMADURA COM ESCOVA CIRCULAR, EXCLUSIVE REFORÇO EM ARMADURA, PROTEÇÃO DE ARMADURA E RECOMPOSIÇÃO EM ARGAMASSA OU CONCRETO | D396: M | E396: 8.28
A397: ED-49657 | C397: PROTEÇÃO DE ARMADURA CORROÍDA POR AÇÃO DE CLORETOS, COM TINTA DE ALTO TEOR DE ZINCO, EXCLUSIVE RECOMPOSIÇÃO EM ARGAMASSA OU CONCRETO | D397: M | E397: 6.29
... A438: ED-48206 | C438: ALVENARIA DE ELEMENTO VAZADO, COBOGÓ CERÂMICO (18X18CM), ESP. 7CM, COM ACABAMENTO APARENTE, INCLUSIVE ARGAMASSA PARA ASSENTAMENTO | D438: M2 | E438: 89.7
A439: 8765 | C439: ALVENARIA DE BLOCO DE VIDRO
A440: ED-48235 | C440: ALVENARIA DE ELEMENTO VAZADO DE VIDRO, BLOCO DE VIDRO (10X20CM), ESP. 10CM, TIPO CAPELA, INCLUSIVE ARGAMASSA PARA ASSENTAMENTO E REJUNTAMENTO | D440: M2 | E440: 1531.22
A441: ED-48236 | C441: ALVENARIA DE ELEMENTO VAZADO DE VIDRO, BLOCO DE VIDRO (10X20CM), ESP. 10CM, TIPO RIO, INCLUSIVE ARGAMASSA PARA ASSENTAMENTO E REJUNTAMENTO | D441: M2 | E441: 1526.11
A442: ED-48234 | C442: ALVENARIA DE VEDAÇÃO COM BLOCO DE VIDRO (19X19CM), ESP. 8CM, TIPO ONDULADO, INCLUSIVE ARGAMASSA PARA ASSENTAMENTO E REJUTAMENTO | D442: M2 | E442: 627.34
A443: ED-8346 | C443: ENCUNHAMENTO DE ALVENARIA DE VEDAÇÃO COM ARGAMASSA, INCLUSIVE ADITIVO EXPANSOR PARA ENCUNHAMENTO | D443: M | E443: 6.56
A444: ED-48397 | C444: ENCUNHAMENTO DE ALVENARIA DE VEDAÇÃO COM ESPUMA DE POLIURETANO EXPANSIVA | D444: M | E444: 9.51
A445: ED-9906 | C445: VERGA OU CONTRAVERGA EM CONCRETO ESTRUTURAL PARA VÃOS ACIMA DE 150CM, PREPARADO EM OBRA COM BETONEIRA, CONTROLE "A", COM FCK 20 MPA, MOLDADA IN LOCO, INCLUSIVE ARMAÇÃO | D445: M3 | E445: 3056.2
A446: ED-9903 | C446: VERGA OU CONTRAVERGA EM CONCRETO ESTRUTURAL PARA VÃOS DE ATÉ 150CM, PREPARADO EM OBRA COM BETONEIRA, CONTROLE "A", COM FCK 20 MPA, MOLDADA IN LOCO, INCLUSIVE ARMAÇÃO | D446: M3 | E446: 2828.32
A447: ED-48210 | C447: PAREDE EM CHAPA DE GESSO ACARTONADO (DRYWALL), DIVISÃO ENTRE ÁREAS SECA E ÚMIDA DE UMA MESMA UNIDADE (ST/RU), ESP. 115 MM, INCLUSIVE MONTANTES, GUIAS E ACESSÓRIOS, EXCLUSIVE ISOLANTE TÉRMICO/ACÚSTICO | D447: M2 | E447: 105.31
A448: ED-48209 | C448: PAREDE EM CHAPA DE GESSO ACARTONADO (DRYWALL), DIVISÃO ENTRE ÁREAS SECAS DE UMA MESMA UNIDADE (ST/ST), ESP. 115 MM, INCLUSIVE MONTANTES, GUIAS E ACESSÓRIOS, EXCLUSIVE ISOLANTE TÉRMICO/ACÚSTICO | D448: M2 | E448: 94.91
A449: ED-48211 | C449: PAREDE EM CHAPA DE GESSO ACARTONADO (DRYWALL), DIVISÃO ENTRE ÁREAS UMIDAS DE UMA MESMA UNIDADE (RU/RU), ESP. 115 MM, INCLUSIVE MONTANTES, GUIAS E ACESSÓRIOS, EXCLUSIVE ISOLANTE TÉRMICO/ACÚSTICO | D449: M2 | E449: 115.72
A450: ED-48536 | C450: DIVISÓRIA EM PAINEL REMOVÍVEL, NÚCLEO COMPENSADO NAVAL - P. AÇO TIPO C | D450: M2 | E450: 100.93
A451: ED-48537 | C451: DIVISÓRIA EM PAINEL REMOVÍVEL, NÚCLEO COMPENSADO NAVAL - P. ALUMÍNIO TIPO C | D451: M2 | E451: 100.44
... A544: ED-49705 | C544: TARJETA CROMADA, TIPO LIVRE/OCUPADO, INSTALADA EM PORTA DE SANITÁRIO, INCLUSIVE ACESSÓRIOS PARA FIXAÇÃO | D544: UN | E544: 65.27
A545: 8784 | C545: PORTA CORTA-FOGO
A546: ED-50990 | C546: PORTA CORTA-FOGO, COLOCAÇÃO E ACABAMENTO, DE ABRIR, DUAS FOLHAS COM DOBRADIÇA ESPECIAL, MOLA DE FECHAMENTO, FECHADURA, MAÇANETA E DEMAIS FERRAGENS DE ACABAMENTO, DIMENSÕES 1,600 X 2,10 M | D546: U | E546: 2811.62
A547: ED-50988 | C547: PORTA CORTA-FOGO, COLOCAÇÃO E ACABAMENTO, DE ABRIR, UMA FOLHA COM DOBRADIÇA ESPECIAL, MOLA DE FECHAMENTO, FECHADURA, MAÇANETA E DEMAIS FERRAGENS DE ACABAMENTO, DIMENSÕES 0,80 X 2,10 M | D547: U | E547: 1547.35
A548: ED-50989 | C548: PORTA CORTA-FOGO, COLOCAÇÃO E ACABAMENTO, DE ABRIR, UMA FOLHA COM DOBRADIÇA ESPECIAL, MOLA DE FECHAMENTO, FECHADURA, MAÇANETA E DEMAIS FERRAGENS DE ACABAMENTO, DIMENSÕES 0,90 X 2,10 M | D548: U | E548: 1635.43
A549: ED-50992 | C549: VEDAÇÃO DE ESQUADRIAS METÁLICAS COM SILICONE PASTOSO | D549: M | E549: 22.66
A550: ED-50970 | C550: FORNECIMENTO E ASSENTAMENTO DE PORTA AÇO DE ENROLAR, LÂMINA RAIADA COM LARGURA ÚTIL 100MM, CHAPA 24, ABERTURA MANUAL, COMPLETA, INCLUSIVE EIXO, MOLA, SOLEIRA, ETIQUETA, CAVALETE, GUIAS, FITAS E FECHADURAS LATERAIS - COMPLETA | D550: M2 | E550: 472.43
A551: ED-48414 | C551: CAIBRO DE MADEIRA EM PARAJU 7 X 4 CM | D551: M | E551: 14.2
A552: ED-48408 | C552: ENGRADAMENTO PARA TELHADO DE FIBROCIMENTO ONDULADA | D552: M2 | E552: 83.09
A553: ED-48409 | C553: ENGRADAMENTO PARA TELHADO DE FIBROCIMENTO TIPO KALHETA, CANALETE 49 | D553: M2 | E553: 26.9
A554: ED-48410 | C554: ENGRADAMENTO PARA TELHADO DE FIBROCIMENTO TIPO KALHETÃO, CANALETE 90 | D554: M2 | E554: 25.56
A555: ED-48407 | C555: ENGRADAMENTO PARA TELHAS CERÂMICA OU CONCRETO EM MADEIRA PARAJU | D555: M2 | E555: 148
A556: ED-48412 | C556: PEÇAS DE MADEIRA EM PARAJU 12 X 8 CM | D556: M | E556: 38.11
A557: ED-48411 | C557: PEÇAS DE MADEIRA EM PARAJU 15 X 8 CM | D557: M | E557: 45.3
... A2342: ED-17902 | C2342: PONTO DE SOBREPOR PARA UMA (1) TOMADA TELEFÔNICA (CONECTOR RJ11), COM PLACA 4"X2" DE UM (1) POSTO, COM ELETRODUTO DE AÇO GALVANIZADO, CLASSE LEVE, DN 20MM (3/4"), FIXADO NA ALVENARIA/TETO E FIO TELEFÔNICO (FI) EM COBRE ELETROLÍTICO ESTANHADO DE SEÇÃO MACIÇA, ESP. 0,60MM (2X0,60MM), COM DISTÂNCIA DE ATÉ DEZ (10) METROS DO PONTO DE DERIVAÇÃO, INCLUSIVE FORNECIMENTO, INSTALAÇÃO, CONDULETE EM ALUMÍNIO, CONEXÕES, SUPORTE E FIXAÇÃO DO ELETRODUTO | D2342: UN | E2342: 331.58
A2343: 9053 | C2343: PONTO DE REDE (LÓGICA/SOM/CFT)
A2344: ED-50229 | C2344: PONTO DE EMBUTIR SECO, PARA UMA (1) PLACA CEGA 4"X4", COM ELETRODUTO DE PVC RÍGIDO ROSCÁVEL, DN 20MM (3/4"), EMBUTIDO NO PISO E SONDA EM ARAME GALVANIZADO, DIÂMETRO DE 1,24MM (BWG 18), COM DISTÂNCIA DE ATÉ DEZ (10) METROS DO PONTO DE DERIVAÇÃO, INCLUSIVE CAIXA DE LIGAÇÃO, SUPORTE E FIXAÇÃO DO ELETRODUTO COM ENCHIMENTO DO RASGO NA ALVENARIA/CONCRETO COM ARGAMASSA | D2344: UN | E2344: 283.35
A2345: ED-50230 | C2345: PONTO DE EMBUTIR SECO, PARA UMA (1) PLACA CEGA 4"X4", COM ELETRODUTO FLEXÍVEL CORRUGADO, ANTI-CHAMA, DN 25MM (3/4"), EMBUTIDO NA ALVENARIA E SONDA EM ARAME GALVANIZADO, DIÂMETRO DE 1,24MM (BWG 18), COM DISTÂNCIA DE ATÉ DEZ (10) METROS DO PONTO DE DERIVAÇÃO, INCLUSIVE CAIXA DE LIGAÇÃO, SUPORTE E FIXAÇÃO DO ELETRODUTO COM ENCHIMENTO DO RASGO NA ALVENARIA/CONCRETO COM ARGAMASSA | D2345: UN | E2345: 154.85
A2346: ED-50231 | C2346: PONTO DE EMBUTIR PARA UMA (1) TOMADA TELEFÔNICA (CONECTOR RJ11), COM PLACA 4"X2" DE UM (1) POSTO, COM ELETRODUTO FLEXÍVEL CORRUGADO, ANTI-CHAMA, DN 25MM (3/4"), EMBUTIDO NA ALVENARIA E FIO TELEFÔNICO (FI) EM COBRE ELETROLÍTICO ESTANHADO DE SEÇÃO MACIÇA, ESP. 0,60MM (2X0,60MM), COM DISTÂNCIA DE ATÉ DEZ (10) METROS DO PONTO DE DERIVAÇÃO, INCLUSIVE CAIXA DE LIGAÇÃO, SUPORTE E FIXAÇÃO DO ELETRODUTO COM ENCHIMENTO DO RASGO NA ALVENARIA/CONCRETO COM ARGAMASSA | D2346: UN | E2346: 194.24
A2347: ED-50226 | C2347: PONTO DE EMBUTIR PARA GÁS EM TUBO DE AÇO GALVANIZADO COM COSTURA, DN 1/2", EMBUTIDO NA ALVENARIA COM DISTÂNCIA DE ATÉ CINCO (5) METROS DO RAMAL DE ABASTECIMENTO, INCLUSIVE CONEXÕES E FIXAÇÃO DO TUBO COM ENCHIMENTO DO RASGO NA ALVENARIA/CONCRETO COM ARGAMASSA | D2347: UN | E2347: 329.4
A2348: ED-18181 | C2348: PONTO DE EMBUTIR PARA GÁS EM TUBO DE COBRE CLASSE "A" SEM COSTURA SOLDÁVEL, DN 1/2" (15MM), EMBUTIDO NA ALVENARIA COM DISTÂNCIA DE ATÉ CINCO (5) METROS DO RAMAL DE ABASTECIMENTO, INCLUSIVE CONEXÕES E FIXAÇÃO DO TUBO COM ENCHIMENTO DO RASGO NA ALVENARIA/CONCRETO COM ARGAMASSA | D2348: UN | E2348: 580.75
A2349: ED-50435 | C2349: PLANTIO DE GRAMA BATATAIS EM PLACAS, INCLUSIVE TERRA VEGETAL E CONSERVAÇÃO POR TRINTA (30) DIAS | D2349: M2 | E2349: 27.62
A2350: ED-50437 | C2350: PLANTIO DE GRAMA ESMERALDA EM PLACAS, INCLUSIVE TERRA VEGETAL E CONSERVAÇÃO POR TRINTA (30) DIAS | D2350: M2 | E2350: 30.66
A2351: ED-50436 | C2351: PLANTIO DE GRAMA SÃO CARLOS EM PLACAS, INCLUSIVE TERRA VEGETAL E CONSERVAÇÃO POR TRINTA (30) DIAS | D2351: M2 | E2351: 37.27
A2352: ED-50433 | C2352: PLANTIO E PREPARO DE COVAS DE ARBUSTOS ORNAMENTAIS EM GERAL, EXCETO FORNECIMENTO DAS MUDAS | D2352: UN | E2352: 11
A2353: ED-50434 | C2353: PLANTIO E PREPARO DE COVAS DE FORRAÇÃO, EXCETO FORNECIMENTO DAS MUDAS | D2353: M2 | E2353: 27.2
A2354: ED-50432 | C2354: PLANTIO E PREPARO DE COVAS PARA ÁRVORES COM ALTURA MÉDIA DE 2,00M, DIMENSÕES (60X60X60)CM , EXCLUSIVE FORNECIMENTO DAS MUDAS | D2354: UN | E2354: 14.65
A2355: ED-50446 | C2355: FORNECIMENTO DE ARBUSTO BELA EMÍLIA COM ALTURA MÍNIMA DE 15CM, EXCLUSIVE PLANTIO | D2355: UN | E2355: 3.89
... A3417: RO-41229 | C3417: TACHÃO REFLETIVO TIPO SHTRG, COM CATADIÓPTRICO EM APENAS UMA FACE (EXECUÇÃO, INCLUINDO FORNECIMENTO, COLOCAÇÃO E TRANSPORTE DE TODOS OS MATERIAIS) | D3417: U | E3417: 55.68
A3418: 280 | C3418: SINALIZAÇÃO VERTICAL
A3419: RO-42829 | C3419: BRAÇO PROJETADO COM ALTURA MAIOR OU IGUAL À 5,50 METROS E VÃO DE 4,80 METROS (EXECUÇÃO, INCLUINDO INSTALAÇÃO, BASE DE CONCRETO, CHUMBADORES, COLOCAÇÃO DA PLACA, FORNECIMENTO E TRANSPORTE DOS MATERIAIS) | D3419: U | E3419: 798.43
A3420: RO-41763 | C3420: DEFENSA SINGELA SEMI-MALEÁVEL SV-DSM-02 (EXECUÇÃO, INCLUINDO FORNECIMENTO, COLOCAÇÃO E TRANSPORTE DE TODOS OS MATERIAIS) | D3420: M | E3420: 393.67
A3421: RO-44777 | C3421: PLACA DE AÇO CARBONO COM PELÍCULA REFLETIVA ALTA INTENSIDADE PRISMÁTICA TIPO III DA ABNT - MARCADOR DE ALINHAMENTO (EXECUÇÃO, INCLUINDO FORNECIMENTO E TRANSPORTE DE TODOS OS MATERIAIS, INCLUSIVE POSTES DE SUSTENTAÇÃO) | D3421: M2 | E3421: 344.59
A3422: RO-42983 | C3422: PLACA DE AÇO CARBONO COM PELÍCULA REFLETIVA ALTA INTENSIDADE PRISMÁTICA TIPO III DA ABNT - ESCUDO (EXECUÇÃO, INCLUINDO FORNECIMENTO E TRANSPORTE DE TODOS OS MATERIAIS, INCLUSIVE POSTES DE SUSTENTAÇÃO) | D3422: M2 | E3422: 785
A3423: RO-44585 | C3423: PLACA DE AÇO CARBONO COM PELÍCULA REFLETIVA ALTA INTENSIDADE PRISMÁTICA TIPO III DA ABNT - MARCADOR DE PERIGO 0,30X0,90 M (EXECUÇÃO, INCLUINDO FORNECIMENTO E TRANSPORTE DE TODOS OS MATERIAIS, INCLUSIVE POSTE DE SUSTENTAÇÃO) | D3423: M2 | E3423: 344.59
A3424: RO-44586 | C3424: PLACA DE AÇO CARBONO COM PELÍCULA REFLETIVA ALTA INTENSIDADE PRISMÁTICA TIPO III DA ABNT - MARCO QUILOMÉTRICO (EXECUÇÃO, INCLUINDO FORNECIMENTO E TRANSPORTE DE TODOS OS MATERIAIS, INCLUSIVE POSTES DE SUSTENTAÇÃO) | D3424: M2 | E3424: 785
A3425: RO-42977 | C3425: PLACA DE AÇO CARBONO COM PELÍCULA REFLETIVA ALTA INTENSIDADE PRISMÁTICA TIPO III DA ABNT - PLACA CIRCULAR (EXECUÇÃO, INCLUINDO FORNECIMENTO E TRANSPORTE DE TODOS OS MATERIAIS, INCLUSIVE POSTES DE SUSTENTAÇÃO) | D3425: M2 | E3425: 760.43
A3426: RO-42978 | C3426: PLACA DE AÇO CARBONO COM PELÍCULA REFLETIVA ALTA INTENSIDADE PRISMÁTICA TIPO III DA ABNT - PLACA OCTOGONAL (EXECUÇÃO, INCLUINDO FORNECIMENTO E TRANSPORTE DE TODOS OS MATERIAIS, INCLUSIVE POSTES DE SUSTENTAÇÃO) | D3426: M2 | E3426: 703.45
A3427: RO-42980 | C3427: PLACA DE AÇO CARBONO COM PELÍCULA REFLETIVA ALTA INTENSIDADE PRISMÁTICA TIPO III DA ABNT - PLACA QUADRADA (EXECUÇÃO, INCLUINDO FORNECIMENTO E TRANSPORTE DE TODOS OS MATERIAIS, INCLUSIVE POSTES DE SUSTENTAÇÃO) | D3427: M2 | E3427: 730.8
A3428: RO-42981 | C3428: PLACA DE AÇO CARBONO COM PELÍCULA REFLETIVA ALTA INTENSIDADE PRISMÁTICA TIPO III DA ABNT - PLACA RETANGULAR (EXECUÇÃO, INCLUINDO FORNECIMENTO E TRANSPORTE DE TODOS OS MATERIAIS, INCLUSIVE POSTES DE SUSTENTAÇÃO) | D3428: M2 | E3428: 785
A3429: RO-42979 | C3429: PLACA DE AÇO CARBONO COM PELÍCULA REFLETIVA ALTA INTENSIDADE PRISMÁTICA TIPO III DA ABNT - PLACA TRIANGULAR (EXECUÇÃO, INCLUINDO FORNECIMENTO E TRANSPORTE DE TODOS OS MATERIAIS, INCLUSIVE POSTES DE SUSTENTAÇÃO) | D3429: M2 | E3429: 654.93
A3430: RO-42210 | C3430: PLACA DE AÇO CARBONO COM PELÍCULA REFLETIVA GRAU TÉCNICO TIPO I DA ABNT - ESCUDO (EXECUÇÃO, INCLUINDO FORNECIMENTO E TRANSPORTE DE TODOS OS MATERIAIS, INCLUSIVE POSTE DE SUSTENTAÇÃO) | D3430: M2 | E3430: 659.15
... A3805: CO-28388 | C3805: SONDAGEM A PERCUSSÃO COM ENSAIO DE PENETRAÇÃO PADRÃO (SPT), DIÂMETRO 2.1/2", EXCLUSIVE MOBILIZAÇÃO E DESMOBILIZAÇÃO | D3805: M | E3805: 72.5

Sheet SINAPI
A1: 97141 | B1: ASSENTAMENTO DE TUBO DE FERRO FUNDIDO PARA REDE DE ÁGUA, DN 80 MM, JUNTA ELÁSTICA, INSTALADO EM LOCAL COM NÍVEL ALTO DE INTERFERÊNCIAS (NÃO INCLUI FORNECIMENTO). AF_11/2017 | C1: M | D1: 8.5
A2: 97142 | B2: ASSENTAMENTO DE TUBO DE FERRO FUNDIDO PARA REDE DE ÁGUA, DN 100 MM, JUNTA ELÁSTICA, INSTALADO EM LOCAL COM NÍVEL ALTO DE INTERFERÊNCIAS (NÃO INCLUI FORNECIMENTO). AF_11/2017 | C2: M | D2: 9.44
A3: 97143 | B3: ASSENTAMENTO DE TUBO DE FERRO FUNDIDO PARA REDE DE ÁGUA, DN 150 MM, JUNTA ELÁSTICA, INSTALADO EM LOCAL COM NÍVEL ALTO DE INTERFERÊNCIAS (NÃO INCLUI FORNECIMENTO). AF_11/2017 | C3: M | D3: 11.85
A4: 97144 | B4: ASSENTAMENTO DE TUBO DE FERRO FUNDIDO PARA REDE DE ÁGUA, DN 200 MM, JUNTA ELÁSTICA, INSTALADO EM LOCAL COM NÍVEL ALTO DE INTERFERÊNCIAS (NÃO INCLUI FORNECIMENTO). AF_11/2017 | C4: M | D4: 14.24
A5: 97145 | B5: ASSENTAMENTO DE TUBO DE FERRO FUNDIDO PARA REDE DE ÁGUA, DN 250 MM, JUNTA ELÁSTICA, INSTALADO EM LOCAL COM NÍVEL ALTO DE INTERFERÊNCIAS (NÃO INCLUI FORNECIMENTO). AF_11/2017 | C5: M | D5: 16.64
A6: 97146 | B6: ASSENTAMENTO DE TUBO DE FERRO FUNDIDO PARA REDE DE ÁGUA, DN 300 MM, JUNTA ELÁSTICA, INSTALADO EM LOCAL COM NÍVEL ALTO DE INTERFERÊNCIAS (NÃO INCLUI FORNECIMENTO). AF_11/2017 | C6: M | D6: 19.05
A7: 97147 | B7: ASSENTAMENTO DE TUBO DE FERRO FUNDIDO PARA REDE DE ÁGUA, DN 350 MM, JUNTA ELÁSTICA, INSTALADO EM LOCAL COM NÍVEL ALTO DE INTERFERÊNCIAS (NÃO INCLUI FORNECIMENTO). AF_11/2017 | C7: M | D7: 21.46
A8: 97148 | B8: ASSENTAMENTO DE TUBO DE FERRO FUNDIDO PARA REDE DE ÁGUA, DN 400 MM, JUNTA ELÁSTICA, INSTALADO EM LOCAL COM NÍVEL ALTO DE INTERFERÊNCIAS (NÃO INCLUI FORNECIMENTO). AF_11/2017 | C8: M | D8: 23.87
A9: 97149 | B9: ASSENTAMENTO DE TUBO DE FERRO FUNDIDO PARA REDE DE ÁGUA, DN 450 MM, JUNTA ELÁSTICA, INSTALADO EM LOCAL COM NÍVEL ALTO DE INTERFERÊNCIAS (NÃO INCLUI FORNECIMENTO). AF_11/2017 | C9: M | D9: 26.31
A10: 97150 | B10: ASSENTAMENTO DE TUBO DE FERRO FUNDIDO PARA REDE DE ÁGUA, DN 500 MM, JUNTA ELÁSTICA, INSTALADO EM LOCAL COM NÍVEL ALTO DE INTERFERÊNCIAS (NÃO INCLUI FORNECIMENTO). AF_11/2017 | C10: M | D10: 32.99
A11: 97151 | B11: ASSENTAMENTO DE TUBO DE FERRO FUNDIDO PARA REDE DE ÁGUA, DN 600 MM, JUNTA ELÁSTICA, INSTALADO EM LOCAL COM NÍVEL ALTO DE INTERFERÊNCIAS (NÃO INCLUI FORNECIMENTO). AF_11/2017 | C11: M | D11: 38.45
A12: 97152 | B12: ASSENTAMENTO DE TUBO DE FERRO FUNDIDO PARA REDE DE ÁGUA, DN 700 MM, JUNTA ELÁSTICA, INSTALADO EM LOCAL COM NÍVEL ALTO DE INTERFERÊNCIAS (NÃO INCLUI FORNECIMENTO). AF_11/2017 | C12: M | D12: 43.7
... A12464: 41776 | B12464: VIGIA NOTURNO, HORA EFETIVAMENTE TRABALHADA DE 22 H AS 5 H (COM ADICIONAL NOTURNO) | C12464: H | D12464: 19.82
